 Dungeon Crawl Stone Soup version 0.27.1-4-g1640c2035a (webtiles) character file.

Game seed: 16953660773537678952

1109347 GameOver the Sorcerer (level 27, -9/260 HPs)
             Began as a Naga Hedge Wizard on Nov 4, 2021.
             Was the Champion of Cheibriados.
             Mangled by Biph the pandemonium lord (21 damage)
             ... on level 25 of a ziggurat on Nov 11, 2021.
             The game lasted 15:49:59 (93101 turns).

GameOver the Sorcerer (Naga Hedge Wizard)          Turns: 93101, Time: 15:50:00

Health: -9/260     AC: 48    Str: 27      XL:     27
Magic:  19/62      EV:  8    Int: 51      God:    Cheibriados [******]
Gold:   7698       SH: 20    Dex: 11 (12) Spells: 7/79 levels left

rFire    + + +     SeeInvis +   s - +9 trident (vamp)
rCold    + . .     Faith    .   B - +2 kite shield
rNeg     + . .     Spirit   .   f - +8 fire dragon scales
rPois    +         Reflect  +   R - +1 helmet of Sin {rN+ Regen+ Int+3 Slay+3}
rElec    +         Harm     .   d - +2 cloak {Will+}
rCorr    .         Rampage  .   b - +2 pair of gloves {archery}
Will     ++++.                  v - +4 barding {rC+}
Stlth    +++++.....             g - amulet of the Kraken {Reflect rElec rC+ Dex-4 Slay+2 SH+5}
HPRegen  1.53/turn              h - ring of Ovuidgh {MP+9 Int+4 SInv}
MPRegen  0.38/turn              G - ring "Jetwew" {Wiz rElec rF+ Int+6 Dex-5 Slay+3}

@: studying 2 skills, very slow
A: AC +9, large, see invisible, deformed body, poison resistance, slowness 2,
spit poison 1, naga tail 2, iridescent scales 1, clever 1, clumsy 2, wild magic
2, [dopey 2], [weak 2]
}: 8/15 runes: serpentine, barnacled, slimy, silver, iron, icy, bone, abyssal
a: Spit Poison, Renounce Religion, Bend Time, Temporal Distortion, Slouch, Step
From Time


You were on level 25 of a ziggurat.
You worshipped Cheibriados.
Cheibriados was exalted by your worship.
You visited 17 branches of the dungeon, and saw 80 of its levels.
You visited the Abyss 1 time.
You visited 1 ziggurat, and saw 25 of its levels.
You also visited: Trove, Sewer and Ice Cave.

You collected 14792 gold pieces.
You spent 7094 gold pieces at shops.

Inventory:

Hand Weapons
 s - a +9 vampiric trident (weapon)
 w - the +18 lance "Wyrmbane" {slay drac, rPois rF+ rC+ AC+3}
   (You bought it in a shop on level 4 of the Dungeon)

   It inflicts extra damage against dragons and draconians.
   AC:        It affects your AC (+3).
   rF:        It protects you from fire.
   rC:        It protects you from cold.
   rPois:     It protects you from poison.
 W - a +9 trishula of holy wrath
Missiles
 k - 20 throwing nets
 r - 100 silver javelins (quivered)
 t - 22 javelins
Armour
 b - a +2 pair of gloves of archery (worn)
 d - a +2 cloak of willpower (worn)
 f - +8 fire dragon scales (worn)
 l - the +1 helmet "Oqah" {MP+9}
   (You found it on level 4 of the Depths)

   MP:        It affects your magic capacity (+9).
 v - a +4 barding of cold resistance (worn)
 B - a +2 kite shield (worn)
 R - the +1 helmet of Sin (worn) {rN+ Regen+ Int+3 Slay+3}
   (You found it on level 6 of a ziggurat)

   Int:       It affects your intelligence (+3).
   Slay:      It affects your accuracy & damage with ranged weapons and melee
   (+3).
   rN:        It protects you from negative energy.
   Regen:     It increases your rate of health regeneration.
 V - the +1 cloak "Nackaeh" {rElec rN+ Regen+ Str-2}
   (You found it on level 17 of a ziggurat)

   Str:       It affects your strength (-2).
   rElec:     It insulates you from electricity.
   rN:        It protects you from negative energy.
   Regen:     It increases your rate of health regeneration.
Magical Staves
 e - a staff of fire
Jewellery
 c - the ring of Yxetipp {rF+ Will+ rCorr MP+9 Dex-4}
   (You found it on level 23 of a ziggurat)

   [ring of magical power]

   Dex:       It affects your dexterity (-4).
   rF:        It protects you from fire.
   MP:        It affects your magic capacity (+9).
   rCorr:     It protects you from acid and corrosion.
   Will:      It increases your willpower.
 g - the amulet of the Kraken (around neck) {Reflect rElec rC+ Dex-4 Slay+2 SH+5}
   (You found it on level 9 of the Dungeon)

   [amulet of reflection]

   It reflects blocked missile attacks.
   Dex:       It affects your dexterity (-4).
   Slay:      It affects your accuracy & damage with ranged weapons and melee
   (+2).
   rC:        It protects you from cold.
   rElec:     It insulates you from electricity.
   SH:        It affects your SH (+5).
 h - the ring of Ovuidgh (left hand) {MP+9 Int+4 SInv}
   (You found it on level 7 of Cocytus)

   [ring of magical power]

   Int:       It affects your intelligence (+4).
   MP:        It affects your magic capacity (+9).
   SInv:      It lets you see invisible.
 D - the amulet "Corchaqoe" {RegenMP rElec}
   (You found it on level 13 of a ziggurat)

   [amulet of magic regeneration]

   It increases your rate of magic regeneration.
   rElec:     It insulates you from electricity.
 G - the ring "Jetwew" (right hand) {Wiz rElec rF+ Int+6 Dex-5 Slay+3}
   (You found it on level 3 of the Realm of Zot)

   [ring of wizardry]

   It improves your spell success rate.
   Int:       It affects your intelligence (+6).
   Dex:       It affects your dexterity (-5).
   Slay:      It affects your accuracy & damage with ranged weapons and melee
   (+3).
   rF:        It protects you from fire.
   rElec:     It insulates you from electricity.
 H - the ring of Voecefu {Int+7 Dex+6}
   (You found it on level 5 of a ziggurat)

   [ring of dexterity]

   Int:       It affects your intelligence (+7).
   Dex:       It affects your dexterity (+6).
 M - the ring "Niub" {Fly rF+ rC+ Will- Int+6}
   (You found it on level 23 of a ziggurat)

   [ring of intelligence]

   Int:       It affects your intelligence (+6).
   rF:        It protects you from fire.
   rC:        It protects you from cold.
   Fly:       It grants you flight.
   Will:      It decreases your willpower.
 S - the ring of Eczez {+Blink rC- Will+ rCorr Stlth+}
   (You found it on level 6 of a ziggurat)

   [ring of willpower]

   rC:        It makes you vulnerable to cold.
   +Blink:    It lets you blink.
   rCorr:     It protects you from acid and corrosion.
   Will:      It increases your willpower.
   Stlth:     It makes you more stealthy.
 U - the amulet of the Pariah {Spirit Will+}
   (You found it on level 24 of a ziggurat)

   [amulet of guardian spirit]

   It causes incoming damage to be divided between your reserves of health and
   magic.
   Will:      It increases your willpower.
Wands
 p - a wand of digging (37)
 q - a wand of paralysis (45)
 T - a wand of acid (29)
Scrolls
 m - 35 scrolls of teleportation
 n - 6 scrolls of holy word
 o - 8 scrolls of fear
 x - 9 scrolls of silence
 y - 3 scrolls of torment
 z - 11 scrolls of fog
 A - a scroll of brand weapon
 C - 11 scrolls of vulnerability
 E - 8 scrolls of enchant weapon
 J - 17 scrolls of blinking
 N - 2 scrolls of amnesia
 Q - 2 scrolls of acquirement
 X - 13 scrolls of magic mapping
 Z - 6 scrolls of enchant armour
Potions
 a - 6 potions of cancellation
 i - 7 potions of might
 j - 12 potions of heal wounds
 u - 4 potions of magic
 F - 16 potions of mutation
 I - 7 potions of brilliance
 K - 8 potions of ambrosia
 L - 8 potions of flight
 O - 8 potions of attraction
 P - 23 potions of curing
 Y - 4 potions of resistance


   Skills:
 - Level 18.0 Fighting
 - Level 18.0 Polearms
 * Level 14.9 Throwing
 - Level 14.0 Armour
 - Level 6.0 Dodging
 - Level 18.0 Stealth
 - Level 12.0 Shields
 + Level 26.6 Spellcasting
 - Level 21.0 Conjurations
 - Level 5.0 Hexes
 + Level 10.7 Summonings
 - Level 21.0 Necromancy
 - Level 9.0 Translocations
 - Level 13.0 Transmutations
 - Level 24.0 Fire Magic
 - Level 11.0 Ice Magic
 - Level 18.0 Air Magic
 + Level 13.4 Earth Magic
 - Level 9.0 Poison Magic
 - Level 13.0 Invocations
 - Level 7.0 Evocations


You had 7 spell levels left.
You knew the following spells:

 Your Spells              Type           Power      Damage    Failure   Level
a - Magic Dart            Conj           100%       1d8       1%          1
b - Blink                 Tloc           N/A        N/A       1%          2
c - Dispel Undead         Necr           100%       3d31      1%          4
d - Fire Storm            Conj/Fire      84%        8d21      3%          9
e - Maxwell's Capacitive  Air            79%        ∞         1%          8
f - Infestation           Necr           83%        N/A       1%          8
p - Lesser Beckoning      Tloc           65%        N/A       1%          3
q - Summon Lightning Spi  Summ/Air       100%       N/A       1%          4
r - Passage of Golubria   Tloc           N/A        N/A       1%          4
s - Orb of Destruction    Conj           83%        9d20      1%          7
v - Vampiric Draining     Necr           83%        2d17      1%          3
x - Necromutation         Tmut/Necr      78%        N/A       2%          8
z - Apportation           Tloc           100%       N/A       1%          1
C - Lee's Rapid Deconstr  Erth           73%        3d34*     1%          5
X - Portal Projectile     Hex/Tloc       100%       N/A       1%          3
Z - Sublimation of Blood  Necr           83%        N/A       1%          2

Your spell library contained the following spells:

 Spells                   Type           Power      Damage    Failure   Level
 Animate Skeleton         Necr           100%       N/A       1%          1
 Beastly Appendage        Tmut           100%       N/A       1%          1
 Corona                   Hex            100%       N/A       1%          1
 Foxfire                  Conj/Fire      100%       2x1d9     1%          1
 Pain                     Necr           100%       1d9       1%          1
 Sting                    Tmut/Pois      100%       1d8       1%          1
 Summon Small Mammal      Summ           100%       N/A       1%          1
 Call Imp                 Summ           100%       N/A       1%          2
 Corpse Rot               Necr/Air       N/A        N/A       1%          2
 Passwall                 Tmut/Erth      100%       N/A       1%          2
 Poisonous Vapours        Pois/Air       100%       N/A       1%          2
 Searing Ray              Conj           100%       3d7       1%          2
 Slow                     Hex            100%       N/A       1%          2
 Static Discharge         Conj/Air       100%       N/A       1%          2
 Wereblood                Tmut           100%       N/A       1%          2
 Call Canine Familiar     Summ           100%       N/A       1%          3
 Confusing Touch          Hex            100%       N/A       1%          3
 Conjure Flame            Conj/Fire      100%       6-21      1%          3
 Dazzling Flash           Conj/Hex       100%       N/A       1%          3
 Frozen Ramparts          Ice            100%       1d12      1%          3
 Gell's Gravitas          Tloc           65%        N/A       1%          3
 Ignite Poison            Fire/Tmut/Pois 100%       N/A       1%          3
 Inner Flame              Hex/Fire       100%       N/A       1%          3
 Mephitic Cloud           Conj/Pois/Air  100%       N/A       1%          3
 Ozocubu's Armour         Ice            100%       N/A       1%          3
 Spider Form              Tmut/Pois      68%        N/A       1%          3
 Stone Arrow              Conj/Erth      100%       3d13      1%          3
 Summon Guardian Golem    Hex/Summ       100%       N/A       1%          3
 Swiftness                Air            100%       N/A       1%          3
 Teleport Other           Tloc           100%       N/A       1%          3
 Tukima's Dance           Hex            100%       N/A       1%          3
 Animate Armour           Summ/Erth      100%       N/A       1%          4
 Cause Fear               Hex            56%        N/A       1%          4
 Fulminant Prism          Conj/Hex       72%        3d30      1%          4
 Hailstorm                Conj/Ice       100%       3d20      1%          4
 Ice Form                 Ice/Tmut       100%       N/A       1%          4
 Iskenderun's Mystic Bla  Conj/Tloc      100%       2d19      1%          4
 Leda's Liquefaction      Hex/Erth       65%        N/A       1%          4
 Olgreb's Toxic Radiance  Pois           100%       N/A       1%          4
 Petrify                  Tmut/Erth      100%       N/A       1%          4
 Sticky Flame             Conj/Fire      100%       2d11      1%          4
 Summon Ice Beast         Ice/Summ       100%       N/A       1%          4
 Agony                    Necr           100%       N/A       1%          5
 Alistair's Intoxication  Tmut/Pois      91%        N/A       1%          5
 Blade Hands              Tmut           72%        N/A       1%          5
 Bolt of Magma            Conj/Fire/Erth 81%        4d31      1%          5
 Borgnjor's Vile Clutch   Necr/Erth      78%        N/A       1%          5
 Excruciating Wounds      Necr           83%        N/A       1%          5
 Fireball                 Conj/Fire      84%        3d31      1%          5
 Freezing Cloud           Conj/Ice/Air   77%        6-21      1%          5
 Irradiate                Conj/Tmut      78%        3d39      1%          5
 Iskenderun's Battlesphe  Conj           100%       2d15      1%          5
 Manifold Assault         Tloc           100%       N/A       1%          5
 Metabolic Englaciation   Hex/Ice        63%        N/A       1%          5
 Silence                  Hex/Air        69%        N/A       1%          5
 Summon Mana Viper        Hex/Summ       100%       N/A       1%          5
 Yara's Violent Unravell  Hex/Tmut       65%        3d24      1%          5
 Conjure Ball Lightning   Conj/Air       81%        3x3d31    1%          6
 Death Channel            Necr           83%        N/A       1%          6
 Dispersal                Tloc           65%        N/A       1%          6
 Eringya's Noxious Bog    Tmut/Pois      68%        N/A       1%          6
 Iron Shot                Conj/Erth      78%        9d14      1%          6
 Simulacrum               Ice/Necr       76%        N/A       1%          6
 Starburst                Conj/Fire      84%        6d21      1%          6
 Statue Form              Tmut/Erth      96%        N/A       1%          6
 Dragon Form              Tmut           72%        N/A       1%          7
 Haunt                    Necr/Summ      76%        N/A       1%          7
 Spellforged Servitor     Conj/Summ      76%        N/A       1%          7
 Storm Form               Tmut/Air       76%        N/A       1%          7
 Monstrous Menagerie      Summ           68%        N/A       3%          7
 Ozocubu's Refrigeration  Ice            68%        4d18      3%          7
 Malign Gateway           Summ/Tloc      66%        N/A       4%          7
 Invisibility             Hex            56%        N/A       6%          6
 Borgnjor's Revivificati  Necr           83%        N/A       1%          8
 Ignition                 Fire           86%        3d22      1%          8
 Lehudib's Crystal Spear  Conj/Erth      78%        10d17     2%          8
 Death's Door             Necr           83%        N/A       6%          9
 Chain Lightning          Conj/Air       81%        3d108     9%          9
 Disjunction              Tloc           65%        N/A       32%         8
 Shatter                  Erth           73%        3d53*     56%         9
 Discord                  Hex            56%        N/A       80%         8
 Polar Vortex             Ice            68%        N/A       86%         9
 Dragon's Call            Summ           68%        N/A       88%         9


Dungeon Overview and Level Annotations

Branches:
Dungeon (15/15)            Temple (1/1) D:7            Lair (6/6) D:10
 Shoals (4/4) Lair:3        Snake (4/4) Lair:2        Slime (5/5) Lair:6
    Orc (2/2) D:9             Elf (3/3) Orc:2        Vaults (5/5) D:14
  Crypt (3/3) Vaults:2       Tomb (1/3) Crypt:3      Depths (5/5) D:15
   Hell (visited)             Dis (7/7) Hell            Geh (0/7) Hell
    Coc (7/7) Hell            Tar (7/7) Hell            Zot (4/5) Depths:5
  Sewer (visited)           IceCv (visited)

Altars:
Ashenzari
Cheibriados
Dithmenos
Elyvilon
Fedhas
Gozag
Hepliaklqana
Kikubaaqudgha
Makhleb
Nemelex Xobeh
Okawaru
Qazlal
Ru
Sif Muna
Trog
Uskayaw
Vehumet
Wu Jian
Xom
Yredelemnul
Zin
The Shining One
Jiyva
Lugonu

Shops:
D:1 =   D:4 (   D:7 *   D:10 *   Orc:2 (?*[!   Elf:2 [![?[   Snake:2 :==
Vaults:1 [   Depths:5 :

Portals:
Hell: Depths:1 Depths:2 Depths:3 Depths:4 Depths:5
Abyss: Elf:3 Lair:6 Depths:1 Depths:4
Pandemonium: Depths:1 Depths:3

Annotations:
Snake:1 Roxanne
Zot:3 stpyramids's ghost, legendary DDFi


Innate Abilities, Weirdness & Mutations

Your serpentine skin is tough. (AC +9)
You have supernaturally acute eyesight. (SInv)
Armour fits poorly on your strangely shaped body.
Your system is resistant to poisons. (rPois)
You cover ground very slowly.
You can spit poison.
You can use your snake-like lower body to constrict enemies.
You are partially covered in iridescent scales. (AC +2)
Your mind is acute. (Int +2)
You are very clumsy. (Dex -4)
Your spells are harder to cast, but more powerful.
[You are very dopey. (Int -4)]
[You are very weak. (Str -4)]


Message History

Unknown command.
Unknown command.
Unknown command.
Unknown command.
Unknown command.
Unknown command.
Unknown command.
Unknown command.
Unknown command.
Unknown command.
Unknown command.
Unknown command.
Unknown command.
Okay, then.
You feel much better.
Your fire vortex hits the Ice Fiend.
Your fire vortex burns the Ice Fiend!
The Ice Fiend is burned terribly!
Your fire vortex dissipates!
The Ice Fiend calls on the powers of darkness!
Your body is wracked with pain!
* * * LOW HITPOINT WARNING * * *
The torturous corrupter calls forth creatures from the Shoals!
A shadow demon comes into view.
Unknown command.
Unknown command.
Unknown command.
Unknown command.
Unknown command.
Unknown command.
Unknown command.
Unknown command.
Unknown command.
Okay, then.
Magic courses through your body.
The torturous corrupter prays to Lugonu.
You feel stupid. x2
The tormentor calls on the powers of darkness!
Your body is wracked with pain!
* * * LOW HITPOINT WARNING * * *
The daeva convulses!
Biph hits you!!
You die...

▓▓▓▓▓▓▓▓▓
▓▓........
▓.@.......
▓.&........
▓..3##.1....
▓.2.4###2....
▓▓..1...#
.2...
▓▓.1.1☼6...
..2.
▓▓..6.A.1.v6
1.2
▓▓......13...
...
▓.∩.)...°..°.


You could see Biph (agile), 2 Hell Sentinels, a daeva (fast), a Tzitzimitl
(resistant), a Brimstone Fiend, 2 Ice Fiends, a hell beast, a reaper, a green
death, a torturous corrupter (fast), an Executioner, a torturous blood saint, a
shadow demon, an orange demon, a sixfirhy (strong), a tormentor and a ynoxinul
(fast, slow).

Vanquished Creatures
  Antaeus (Coc:7)
  the Royal Jelly (Slime:5)
  Ereshkigal (Tar:7)
  2 dread liches
  The ghost of reasonance the Conqueror, a legendary DsFi of Jiyva (Zot:3)
  Dispater (Dis:7)
  3 ancient liches
  The ghost of Pongem the Conqueror, a legendary MiAK of Lugonu (Zot:3)
  An orb of fire (Zot:1)
  Mennas (Vaults:2)
  The ghost of Beclu the Imperceptible, a legendary GnSk of Dithmenos (Zot:3)
  13 pandemonium lords
  4 juggernauts
  2 royal mummies (Tomb:1)
  Sojobo (Crypt:1)
  9 shard shrikes
  Bai Suzhen (Crypt:3)
  13 Killer Klowns
  The ghost of Naim the Gnoll Aeon, a veteran GnFi of Cheibriados (Depths:4)
  Saint Roka (Crypt:3)
  2 curse toes
  19 golden dragons
  Geryon (Hell)
  Xtahua (Depths:3)
  3 caustic shrikes
  Nikola (Shoals:4)
  A profane servitor (Abyss:5)
  Jory (Depths:3)
  10 bone dragons
  18 iron giants
  6 doom hounds
  3 hellephants
  19 Tzitzimimeh
  7 Brimstone Fiends
  10 tentacled monstrosities
  14 liches
  A titan (Vaults:5)
  13 Hell Sentinels
  27 Ice Fiends
  8 deep elf blademasters
  9 deep elf master archers
  4 quicksilver dragons
  A quicksilver dragon (shapeshifter) (Zig:15)
  Polyphemus (Shoals:4)
  11 sphinxes
  4 Executioners
  A sphinx (shapeshifter) (Zig:15)
  10 tentacled starspawn
  41 ancient champions
  8 death cobs
  12 shadow dragons
  17 acid blobs
  2 draconian monks
  Ilsuiw (Shoals:3)
  14 tengu reavers
  A storm dragon (shapeshifter) (Vaults:5)
  Kirke (Snake:4)
  3 azure jellies (shapeshifter)
  6 azure jellies
  5 revenants
  9 nagarajas
  9 storm dragons
  A daeva (Elf:3)
  8 rockslimes
  7 frost giants
  6 deep elf sorcerers
  An emperor scorpion (shapeshifter) (Zig:11)
  11 iron dragons
  5 balrugs
  10 fire giants
  A ghost moth (Zot:2)
  7 draconian knights
  11 vault wardens
  5 cacodemons
  An orc warlord (Zig:8)
  The ghost of kalagan the Thaumaturge, an adept DECj of Sif Muna (Elf:3)
  5 draconian shifters
  3 deep elf elementalists
  2 frost giants (shapeshifter)
  A ghoul (Crypt:3)
  3 curse skulls
  71 reapers
  10 ironbound preservers
  4 draconian annihilators
  Aizul (Snake:1)
  2 draconian stormcallers
  25 war gargoyles
  A spriggan defender (Depths:4)
  39 very ugly things
  14 stone giants
  12 quicksilver oozes
  5 caustic shrike skeletons (Crypt:3)
  8 green draconians
  6 elemental wellsprings
  Nessos (D:14)
  2 corrupters (Zig:25)
  11 deep elf annihilators
  5 lorocyprocas
  9 black draconians
  11 white draconians
  14 vampire knights
  7 deep elf demonologists
  11 purple draconians
  4 entropy weavers
  A dire elephant (shapeshifter) (Zig:15)
  6 yellow draconians
  11 dire elephants
  7 spark wasps
  15 deep elf death magi
  5 red draconians
  3 eleionomae (shapeshifter)
  9 merfolk javelineers
  9 green deaths
  12 ettins
  5 eidola
  6 fire dragons
  9 blizzard demons
  10 jiangshi
  7 quicksilver dragon zombies
  12 great orbs of eyes
  A great orb of eyes (shapeshifter) (Zig:21)
  A kraken zombie (Coc:3)
  6 mummy priests (Tomb:1)
  An eleionoma (Zig:24)
  21 merfolk impalers
  Josephine (Shoals:1)
  12 yaktaur captains
  5 salamander tyrants
  14 deep elf high priests
  A shambling mangrove (Zig:24)
  A crystal guardian (Elf:3)
  2 spectral krakens (Shoals:3)
  4 ironbound thunderhulks
  3 quicksilver dragon skeletons
  6 spriggan air magi
  10 boulder beetles
  10 hell beasts
  16 hydras
  9 rakshasas
  Erolcha (D:9)
  19 vault guards
  18 naga warriors
  3 ghost crabs
  5 peacekeepers
  24 ice dragons
  12 anacondas
  10 centaur warriors
  An alligator snapping turtle (shapeshifter) (Zig:15)
  3 catoblepae
  An anaconda (shapeshifter) (Zig:21)
  5 death knights
  6 two-headed ogres
  A monstrous demonspawn (Depths:1)
  3 alligator snapping turtles
  5 satyrs
  9 ironbound frosthearts
  11 merfolk aquamancers
  8 death yaks
  5 merfolk avatars
  7 deep troll shamans
  8 tengu warriors
  36 dancing weapons
  7 naga sharpshooters
  3 death scarabs (Tomb:1)
  10 hell hogs
  Urug (D:11)
  14 vampire magi
  7 spriggan berserkers
  8 deep troll earth magi
  17 thrashing horrors
  9 titan zombies
  A shock serpent (shapeshifter) (Zig:13)
  2 ironbound beastmasters
  9 soul eaters
  17 deep elf knights
  10 shock serpents
  5 titan skeletons
  4 orc high priests
  15 hell knights
  3 sixfirhies
  7 sun demons
  4 salamander mystics
  A fire crab (Lair:6)
  3 storm dragon zombies
  5 iron golems
  5 shadow wraiths
  A fire crab (shapeshifter) (Lair:6)
  4 storm dragon skeletons
  9 wretched stars
  46 deep trolls
  3 quicksilver dragon simulacra
  19 sea snakes
  130 skeletal warriors
  5 golden dragon zombies
  A spriggan druid (Zig:24)
  2 ghost moth zombies
  3 spatial maelstroms
  3 death drakes
  16 iron trolls
  7 glowing orange brains
  A torturous demonspawn (Depths:1)
  10 anaconda zombies
  12 flayed ghosts
  9 naga ritualists
  6 orc knights
  6 anaconda skeletons
  3 orange crystal statues
  9 shadow dragon zombies
  10 deep elf archers
  18 ironbound convokers
  14 shadow demons
  3 bog bodies
  23 phantasmal warriors
  4 wolf spider zombies
  4 swamp dragons (Zig:24)
  6 golden dragon skeletons
  A sphinx zombie (Depths:2)
  18 wizards
  28 harpies
  20 manticores
  5 lindwurms
  3 shining eyes
  4 iron dragon zombies
  62 ugly things
  37 deep elf zephyrmancers
  13 necromancers
  14 fauns
  12 stone giant zombies
  2 sphinx skeletons (Zig:20)
  A will-o-the-wisp (Abyss:4)
  A wolf spider (shapeshifter) (Zig:21)
  8 cyclopes
  24 salamanders
  41 deep elf pyromancers
  10 mana vipers
  5 orc sorcerers
  2 tengu skeletons
  13 fire giant zombies
  15 moths of wrath
  4 shadow dragon skeletons
  2 worldbinders
  5 iron dragon skeletons
  6 fire giant skeletons
  16 vault sentinels
  11 frost giant zombies
  66 rust devils
  12 elephants
  11 apocalypse crabs
  12 merfolk sirens
  12 smoke demons
  53 black mambas
  9 dire elephant zombies
  7 guardian serpents
  3 eyes of devastation
  10 frost giant skeletons
  A guardian serpent (shapeshifter) (Vaults:5)
  10 naga magi
  10 stone giant skeletons
  4 ice statues
  14 water nymphs
  2 shock serpent zombies
  2 dire elephant skeletons
  4 gargoyles
  A catoblepas zombie (D:10)
  A spectral sea snake (Shoals:3)
  10 cane toads
  2 rime drakes
  2 orange demons (Zig:25)
  13 large abominations
  3 molten gargoyles (Hell)
  4 torpor snails
  A yaktaur (shapeshifter) (Zig:13)
  33 hellions
  5 efreet
  A kobold demonologist (Depths:4)
  A grey draconian zombie (Crypt:2)
  5 hellwings
  31 yaktaurs
  2 spectral water nymphs (Shoals:3)
  3 emperor scorpion zombies
  50 tormentors
  34 freezing wraiths
  An anaconda simulacrum (Coc:7)
  37 ice devils
  2 elf skeletons
  11 guardian mummies
  19 komodo dragons
  A pale draconian zombie (Crypt:1)
  A sea snake zombie (Hell)
  A demonic crawler (Abyss:5)
  3 tengu conjurers
  8 red devils
  5 harpy zombies
  4 silent spectres
  A shadow dragon simulacrum (Depths:1)
  8 ancient zymes
  A black draconian skeleton (Dis:3)
  2 entropy weaver simulacra (IceCv)
  A queen bee (shapeshifter) (Zig:11)
  11 hydra zombies
  A red draconian skeleton (Crypt:1)
  A queen bee (D:13)
  5 trolls
  4 polar bears
  2 jumping spiders
  A green draconian skeleton (Dis:7)
  52 merfolk
  93 slime creatures
  A wolf spider simulacrum (D:14)
  3 meliai (D:13)
  A wind drake (shapeshifter) (Zig:13)
  A blink frog (shapeshifter) (Elf:1)
  40 blink frogs
  13 wind drakes
  Grinder (D:4)
  5 hornets
  4 hydra skeletons
  7 raiju
  A snapping turtle (shapeshifter) (Zig:21)
  6 spectral merfolk (Shoals:3)
  4 deep troll zombies
  5 harpy skeletons
  10 dream sheep
  9 snapping turtles
  15 ettin zombies
  2 dream sheep (shapeshifter)
  2 ice dragon zombies
  6 alligator zombies
  9 fire dragon zombies
  A spriggan zombie (Depths:1)
  An iron dragon simulacrum (Tar:7)
  A stone giant simulacrum (Coc:2)
  2 dire elephant simulacra (IceCv)
  9 fire dragon skeletons
  A human simulacrum (Vaults:2)
  6 ice dragon skeletons
  A spectral wind drake (Shoals:3)
  3 spriggans (Depths:4)
  52 flying skulls
  23 shadows
  28 water elementals
  3 deep troll skeletons (Depths:1)
  6 spriggan skeletons
  A tarantella (shapeshifter) (Zig:22)
  4 vampires
  4 air elementals
  11 ettin skeletons
  6 ynoxinuls
  3 alligator skeletons
  87 yaks
  A redback (shapeshifter) (Zig:15)
  3 tarantellas (Vaults:4)
  5 redbacks
  35 wraiths
  2 orc zombies (D:10)
  A golden eye (shapeshifter) (Zig:21)
  2 hogs (Snake:4)
  4 wyverns
  3 yaks (shapeshifter)
  2 black mamba skeletons
  A fire bat (Abyss:4)
  8 golden eyes
  An ushabti (Zig:2)
  Grum (D:11)
  A fire elemental (Zig:22)
  5 chaos spawn
  6 neqoxecs
  4 vampire mosquitoes (D:11)
  7 basilisks
  5 steam dragons
  Menkaure (D:7)
  A harpy simulacrum (IceCv)
  9 human zombies
  6 wargs
  12 spatial vortices
  2 wargs (shapeshifter) (Vaults:5)
  4 merfolk zombies
  A hydra simulacrum (Coc:6)
  38 nagas
  61 hell hounds
  12 small abominations
  23 water moccasins
  An acid dragon (D:9)
  3 floating eyes
  A spectral snapping turtle (Shoals:3)
  2 merfolk skeletons
  10 cane toad zombies
  A floating eye (shapeshifter) (Zig:21)
  4 human skeletons
  24 orc warriors
  A sky beast (shapeshifter) (Lair:6)
  3 cane toad skeletons
  9 ice beasts
  3 sky beasts
  A black bear (D:6)
  13 necrophages
  5 manticore zombies
  An ogre (shapeshifter) (Abyss:3)
  7 ogres
  6 snapping turtle zombies
  12 wolves
  An alligator simulacrum (Coc:5)
  5 swamp dragon zombies
  2 boggarts (Elf:1)
  4 centaurs
  A manticore skeleton (Crypt:3)
  4 snapping turtle skeletons
  7 kobold brigands
  8 phantoms
  A komodo dragon skeleton (Crypt:3)
  2 gnoll sergeants
  16 bullfrogs
  4 two-headed ogre simulacra (IceCv)
  2 earth elementals
  4 scorpions
  A water moccasin zombie (D:5)
  2 salamander skeletons
  2 tengu zombies (Depths:2)
  A wyvern skeleton (D:7)
  A hornet simulacrum (D:14)
  A warg skeleton (Crypt:2)
  An elephant simulacrum (IceCv)
  15 killer bees (D:13)
  2 electric eels
  74 wights
  2 howler monkeys
  16 orc priests
  35 starcursed masses
  9 centaur zombies
  4 hounds
  A jelly (D:6)
  50 iron imps
  4 bullfrog skeletons
  10 hell rats
  An iguana (D:5)
  17 orc wizards
  3 polar bear simulacra (IceCv)
  11 troll simulacra (IceCv)
  6 spriggan simulacra (IceCv)
  2 killer bee zombies (D:8)
  3 wolf simulacra (IceCv)
  2 ogre skeletons
  A deep dwarf skeleton (Crypt:3)
  22 mummies
  Robin (D:3)
  2 howler monkey skeletons
  7 gnolls
  10 adders
  9 naga simulacra
  13 river rats
  8 shadow imps
  36 white imps
  9 ufetubi
  3 worms (Sewer)
  A dart slug (D:4)
  44 orcs
  6 ball pythons
  12 endoplasms
  4 giant cockroaches
  8 goblins
  15 hobgoblins
  8 jackals
  24 kobolds
  7 quokkas
  9 bats
  2 frilled lizards
  2 kobold zombies
  16 rats
  A river rat skeleton (Crypt:1)
  A spectral orc (D:10)
  2 bushes (Depths:5)
  3 fire vortices
  3 lurking horrors
  5 starspawn tentacles
  4 tentacles
4272 creatures vanquished.

Vanquished Creatures (collateral kills)
  2 ancient liches
  A curse toe (Zot:4)
  3 shard shrikes
  The ghost of Gunterle the Swashbuckler, a veteran KoDe of Dithmenos (Crypt:1)
  A caustic shrike (Depths:4)
  2 profane servitors
  10 golden dragons
  9 bone dragons
  A pandemonium lord (Zig:21)
  6 Tzitzimimeh
  6 doom hounds
  5 hellephants (Zig:19)
  2 tentacled monstrosities (Zot:4)
  7 Hell Sentinels
  2 Ice Fiends
  A quicksilver dragon (Depths:4)
  A titan (Vaults:5)
  4 acid blobs (Slime:5)
  An Executioner (Dis:4)
  4 sphinxes (Tomb:1)
  A tentacled starspawn (Abyss:5)
  2 tengu reavers
  2 nagarajas
  4 shadow dragons
  A revenant (Zig:16)
  2 azure jellies (Slime:5)
  3 rockslimes
  3 fire giants
  A draconian scorcher (Zot:4)
  4 vault wardens
  2 ghouls
  2 iron dragons (Dis:7)
  An orc warlord (Zig:8)
  A balrug (Dis:4)
  3 frost giants (Vaults:5)
  A warmonger (Zig:25)
  A draconian shifter (Zot:2)
  2 curse skulls
  5 war gargoyles
  4 ironbound preservers
  2 vampire knights
  8 very ugly things
  24 reapers
  A stone giant (shapeshifter) (Zig:21)
  A spriggan defender (Depths:4)
  3 stone giants
  2 juggernaut skeletons
  A purple draconian (Zot:4)
  2 black draconians
  An entropy weaver (Vaults:3)
  A dire elephant (shapeshifter) (Zig:21)
  A yellow draconian (Zot:4)
  A black sun (Zig:25)
  6 dire elephants
  2 red draconians (Zot:1)
  2 white draconians
  5 green deaths
  2 eidola
  4 blizzard demons
  3 merfolk javelineers
  4 merfolk impalers
  3 quicksilver dragon zombies
  2 mummy priests (Tomb:1)
  A shambling mangrove (Zig:24)
  2 ettins
  2 fire dragons (Depths:4)
  3 great orbs of eyes
  A deep elf high priest (Vaults:5)
  10 hydras
  7 salamander tyrants (Zig:17)
  5 ice dragons
  5 yaktaur captains
  12 vault guards (Vaults:5)
  2 quicksilver dragon skeletons
  3 naga warriors
  2 ogre magi
  An alligator snapping turtle (shapeshifter) (Zig:21)
  8 merfolk aquamancers
  A two-headed ogre (Depths:3)
  2 anacondas (Zig:17)
  A merfolk avatar (Zig:18)
  2 death scarabs (Tomb:1)
  A death yak (Zig:19)
  2 titan zombies
  5 vampire magi
  A spriggan berserker (Depths:4)
  A thrashing horror (Abyss:5)
  2 deep troll earth magi
  An ironbound beastmaster (Vaults:2)
  2 soul eaters
  2 storm dragon zombies
  5 shock serpents
  5 iron golems (Dis:7)
  7 iron trolls
  A sun demon (Hell)
  2 titan skeletons (Zig:20)
  4 hell knights (Depths:4)
  2 wretched stars (Zig:14)
  A spatial maelstrom (Abyss:3)
  55 skeletal warriors
  3 golden dragon zombies
  8 deep trolls
  A spark wasp zombie (Crypt:3)
  6 death drakes (Zig:24)
  3 flayed ghosts
  3 sea snakes
  2 anaconda zombies
  A glowing orange brain (Zig:14)
  A naga ritualist (Zig:17)
  2 bog bodies
  7 shadow demons
  3 swamp dragons (Zig:24)
  14 harpies
  A necromancer (Depths:4)
  A wizard (Vaults:2)
  2 anaconda skeletons
  11 phantasmal warriors
  4 shadow dragon zombies
  A deep elf zephyrmancer (Zig:22)
  2 iron dragon zombies
  3 ironbound convokers
  2 fire giant zombies
  A deep elf pyromancer (Zig:22)
  A mana viper (Snake:4)
  2 salamanders
  9 ugly things
  4 stone giant zombies
  3 frost giant zombies
  4 cyclopes
  A cyclops (shapeshifter) (Vaults:5)
  A worldbinder (Abyss:4)
  4 merfolk sirens
  4 moths of wrath
  4 frost giant skeletons
  2 stone giant skeletons
  2 iron dragon skeletons (Coc:3)
  3 will-o-the-wisps (Zig:24)
  2 dire elephant zombies
  3 elf zombies (Zig:20)
  An eleionoma skeleton (Crypt:1)
  An apocalypse crab (Zig:21)
  2 manticores (Zig:23)
  An eye of devastation (Slime:5)
  4 vault sentinels (Vaults:4)
  3 fire giant skeletons
  4 starcursed masses
  A shock serpent zombie (Coc:3)
  7 black mambas
  20 rust devils
  5 smoke demons
  2 guardian serpents (Zig:17)
  A naga mage (Snake:4)
  8 water nymphs
  A dire elephant skeleton (Tar:7)
  5 cane toads (Zig:19)
  4 hellions
  7 yaktaurs
  A rime drake (Zig:19)
  8 freezing wraiths
  A komodo dragon (shapeshifter) (Zig:21)
  An emperor scorpion zombie (Coc:4)
  16 tormentors
  7 ice devils
  3 guardian mummies
  2 silent spectres
  A hydra zombie (Hell)
  12 merfolk
  2 hornets (Zig:24)
  A tyrant leech (Zig:24)
  3 wind drakes
  4 snapping turtles
  A polar bear (Zig:19)
  2 blink frogs (Zig:19)
  A fire dragon zombie (Dis:7)
  An ettin zombie (Tar:6)
  3 hydra skeletons
  62 slime creatures
  An ice dragon zombie (Tar:2)
  A dream sheep (Zig:19)
  An ettin skeleton (Tar:6)
  2 ice dragon skeletons
  17 shadows
  2 alligator zombies
  An alligator skeleton (Coc:6)
  45 flying skulls
  A water elemental (Hell)
  An ushabti (Tomb:1)
  11 wraiths
  2 ynoxinuls
  3 yaks (Zig:19)
  A basilisk (Zig:19)
  2 spatial vortices (Abyss:3)
  2 chaos spawn
  A naga (shapeshifter) (Vaults:5)
  9 nagas
  6 water moccasins (Zig:19)
  A cane toad zombie (Dis:7)
  39 hell hounds
  An ice beast (Abyss:3)
  A manticore zombie (Coc:3)
  4 large abominations
  2 snapping turtle zombies
  An orc warrior (Vaults:5)
  A cane toad skeleton (Coc:4)
  An ogre (Depths:3)
  7 necrophages
  A centaur (Zig:18)
  2 phantoms
  A wolf (Zig:19)
  A snapping turtle simulacrum (Coc:7)
  27 wights
  A human zombie (Dis:3)
  17 iron imps
  A naga zombie (Coc:3)
  8 mummies
  A steam dragon skeleton (Crypt:1)
  4 shadow imps
  4 white imps
  An orc (Vaults:5)
  A dart slug zombie (Crypt:1)
941 creatures vanquished.

Vanquished Creatures (others)
  2 pandemonium lords
  A black draconian (Zot:2)
  A shadow wraith (Vaults:5)
  A glowing orange brain (Depths:1)
  A naga mage (Snake:2)
  2 bloated husks (Zig:24)
  A redback (shapeshifter) (Zig:15)
  A human (Snake:4)
  A small abomination (Abyss:3)
  A chaos spawn (Zig:15)
  A killer bee (D:13)
  A wight (Dis:3)
  An orc priest (Orc:2)
  An orc (D:10)
  270 fire vortices
  15 foxfires
  71 fungi
  2 lurking horrors
  197 plants
  25 starspawn tentacles
  9 tentacles
  11 withered plants
616 creatures vanquished.

Grand Total: 5829 creatures vanquished

Notes
Turn   | Place    | Note
-------+----------+-------------------------------------------
     0 | D:1      | GameOver the Naga Hedge Wizard began the quest for the Orb.
     0 | D:1      | Reached XP level 1. HP: 15/15 MP: 4/4
   179 | D:1      | Reached XP level 2. HP: 9/22 MP: 6/6
   524 | D:1      | Found Qionwet's Jewellery Boutique.
   749 | D:1      | Reached XP level 3. HP: 11/28 MP: 0/7
   752 | D:1      | Learned a level 2 spell: Blink
   756 | D:1      | Learned a level 3 spell: Mephitic Cloud
   903 | D:2      | Found an ornate altar of the Wu Jian Council.
  1149 | D:2      | Found a faded altar of an unknown god.
  1448 | D:3      | Reached XP level 4. HP: 36/36 MP: 4/8
  1498 | D:3      | Found a hazy altar of Hepliaklqana.
  1498 | D:3      | Found a faded altar of an unknown god.
  1533 | D:3      | Reached XP level 5. HP: 42/42 MP: 5/9
  1700 | D:3      | Noticed Robin
  1742 | D:3      | Killed Robin
  1743 | D:3      | Reached skill level 5 in Conjurations
  2085 | D:4      | Noticed Grinder
  2090 | D:4      | Paralysed by Grinder for 5 turns
  2139 | D:4      | Found a bloodstained altar of Trog.
  2152 | D:4      | Found Ymnam's Weapon Shop.
  2165 | D:4      | Noticed a necrophage
  2189 | D:4      | Killed a necrophage
  2190 | D:4      | Reached XP level 6. HP: 7/49 MP: 0/10
  2327 | D:4      | Noticed a steam dragon
  2457 | D:4      | Reached skill level 1 in Poison Magic
  2715 | D:5      | Entered Level 5 of the Dungeon
  2831 | D:5      | Reached XP level 7. HP: 27/55 MP: 11/11
  2946 | D:5      | Found a glowing drain.
  2966 | Sewer    | Entered a sewer
  3459 | D:5      | Identified the +2 leather armour "Daitestra" {Will++}
  3512 | D:5      | Reached skill level 5 in Stealth
  3678 | D:5      | Learned a level 3 spell: Teleport Other
  3710 | D:5      | Gained mutation: You are partially covered in iridescent
                  | scales. (AC +2) [potion of mutation]
  3710 | D:5      | Gained mutation: You evolve. [potion of mutation]
  3710 | D:5      | Gained mutation: Your magical capacity is low. (-10% MP)
                  | [potion of mutation]
  3710 | D:5      | HP: 2/55 [scorpion (6)]
  3715 | D:5      | Reached skill level 5 in Poison Magic
  3964 | D:5      | Reached XP level 8. HP: 43/62 MP: 0/11
  3996 | D:5      | Found a shimmering blue altar of Sif Muna.
  4245 | D:4      | Paralysed by Grinder for 6 turns
  4266 | D:4      | Killed Grinder
  4482 | D:6      | Gained mutation: Your spells are a little harder to cast,
                  | but a little more powerful. [evolution]
  4687 | D:6      | Found a shadowy altar of Dithmenos.
  4832 | D:6      | Reached XP level 9. HP: 68/68 MP: 7/12
  5040 | D:7      | Found Suusuf's Mass Market.
  5062 | D:7      | Found a staircase to the Ecumenical Temple.
  5069 | Temple   | Entered the Ecumenical Temple
  5384 | D:7      | Reached skill level 4 in Spellcasting
  5466 | D:7      | Noticed Menkaure
  5473 | D:7      | Killed Menkaure
  5474 | D:7      | Reached skill level 1 in Air Magic
  5525 | D:7      | Found a white marble altar of Elyvilon.
  5530 | D:7      | Found an iron altar of Okawaru.
  5698 | D:7      | Reached skill level 5 in Spellcasting
  6006 | D:7      | Gained mutation: Your mind is acute. (Int +2) [evolution]
  7157 | D:8      | Reached skill level 6 in Spellcasting
  7275 | D:8      | Reached skill level 1 in Armour
  7420 | D:9      | Reached skill level 5 in Air Magic
  7425 | D:9      | Reached XP level 10. HP: 69/75 MP: 9/17
  7642 | D:9      | Noticed Erolcha
  7655 | D:9      | Killed Erolcha
  7670 | D:9      | Found a radiant altar of Vehumet.
  7871 | D:9      | Found a staircase to the Orcish Mines.
  8014 | D:9      | Found an opulent altar of Gozag.
  8103 | Orc:1    | Entered Level 1 of the Orcish Mines
  8212 | Orc:1    | Reached skill level 5 in Translocations
  8331 | Orc:1    | Noticed an orc knight
  8354 | Orc:1    | Noticed an orc sorcerer
  8370 | Orc:1    | Killed an orc knight
  8376 | Orc:1    | Noticed an orange demon
  8382 | Orc:1    | Killed an orc sorcerer
  8628 | Orc:2    | Entered Level 2 of the Orcish Mines
  8647 | Orc:2    | Reached skill level 5 in Armour
  8681 | Orc:2    | Reached skill level 1 in Polearms
  8753 | Orc:2    | Noticed an ettin
  8919 | Orc:2    | Reached XP level 11. HP: 16/81 MP: 12/18
  9090 | Orc:2    | Found Lumukig's Antique Weapon Boutique.
  9174 | Orc:2    | Noticed an orc knight
  9182 | Orc:1    | Noticed an orc sorcerer
  9185 | Orc:1    | Reached skill level 1 in Shields
  9207 | Orc:1    | Killed an orc sorcerer
  9410 | Orc:2    | Killed an orc knight
  9501 | Orc:2    | Found a staircase to the Elven Halls.
  9574 | Orc:2    | Killed an ettin
  9593 | Orc:2    | Noticed an orc sorcerer
  9615 | Orc:2    | Noticed an orc high priest
  9931 | D:9      | Reached skill level 1 in Fighting
  9931 | D:9      | Reached skill level 5 in Polearms
 10031 | D:4      | Bought the +8 lance "Wyrmbane" {slay drac, rPois rF+ rC+
                  | AC+3} for 1131 gold pieces
 10031 | D:4      | Found the +8 lance "Wyrmbane" {slay drac, rPois rF+ rC+
                  | AC+3}
 10291 | Orc:2    | Noticed an orc sorcerer
 10295 | Orc:2    | Noticed an orc high priest
 10299 | Orc:2    | Noticed an orc knight
 10300 | Orc:2    | Noticed an orc high priest
 10303 | Orc:2    | Noticed an orc knight
 10306 | Orc:2    | Noticed a sixfirhy
 10306 | Orc:2    | Killed an orc sorcerer
 10307 | Orc:2    | Killed an orc high priest
 10454 | Orc:1    | Lost mutation: Your magical capacity is low. (-10% MP)
                  | [evolution]
 10590 | Orc:2    | Killed an orc sorcerer
 10608 | Orc:2    | Noticed an orc knight
 10634 | Orc:2    | Killed an orc knight
 10635 | Orc:2    | Reached skill level 5 in Shields
 10656 | Orc:2    | Noticed an orc sorcerer
 10659 | Orc:2    | Killed an orc high priest
 10678 | Orc:2    | Killed an orc high priest
 10679 | Orc:2    | Killed an orc sorcerer
 10871 | Orc:2    | Killed an orc knight
 10919 | Orc:2    | Killed an orc knight
 10920 | Orc:2    | Reached XP level 12. HP: 36/99 MP: 10/21
 10926 | Orc:2    | Learned a level 5 spell: Freezing Cloud
 10939 | Orc:2    | Found Xulae's Distillery.
 10939 | Orc:2    | Found Lenn's Magic Scroll Boutique.
 10941 | Orc:2    | Found Nint's Antique Armour Emporium.
 10941 | Orc:2    | Found Zoz Uss's General Store.
 10950 | Orc:2    | Bought a scroll of identify for 26 gold pieces
 10950 | Orc:2    | Bought a scroll of identify for 26 gold pieces
 10952 | Orc:2    | Bought a scroll of identify for 26 gold pieces
 10952 | Orc:2    | Bought a scroll of identify for 26 gold pieces
 11164 | D:9      | Identified the amulet of the Kraken {Reflect rElec rC+
                  | Dex-4 Slay+2 SH+5}
 11362 | D:10     | Entered Level 10 of the Dungeon
 11407 | D:10     | Found Jotocaek's Gadget Gallery.
 11433 | D:10     | Reached skill level 1 in Ice Magic
 11506 | D:10     | Found a staircase to the Lair.
 11558 | D:10     | Found a blossoming altar of Fedhas.
 11563 | D:10     | Found an ancient bone altar of Kikubaaqudgha.
 11578 | D:10     | Became a worshipper of Kikubaaqudgha
 11594 | D:10     | Found a snail-covered altar of Cheibriados.
 11760 | D:10     | Found a basalt altar of Yredelemnul.
 11858 | D:10     | Found an ornate altar of the Wu Jian Council.
 12094 | Lair:1   | Entered Level 1 of the Lair of Beasts
 12226 | Lair:1   | Reached skill level 5 in Fighting
 12228 | Lair:1   | Reached * piety under Kikubaaqudgha
 12228 | Lair:1   | Received a gift from Kikubaaqudgha
 12340 | Lair:1   | Gained mutation: Your spells are harder to cast, but more
                  | powerful. [evolution]
 13180 | Lair:2   | Reached ** piety under Kikubaaqudgha
 13296 | Lair:2   | Found a staircase to the Snake Pit.
 13450 | Lair:2   | Noticed a seven-headed hydra
 13538 | Lair:2   | Gained mutation: You can use your snake-like lower body to
                  | constrict enemies. [Naga growth]
 13538 | Lair:2   | Reached XP level 13. HP: 97/111 MP: 20/22
 13549 | Lair:2   | Reached skill level 10 in Polearms
 13714 | Lair:2   | Reached *** piety under Kikubaaqudgha
 13714 | Lair:2   | Received a gift from Kikubaaqudgha
 14319 | Orc:2    | Gained mutation: Your magical capacity is low. (-10% MP)
                  | [evolution]
 14338 | Orc:2    | Bought a glowing cloak for 210 gold pieces
 14345 | Orc:2    | Bought a potion of berserk rage for 80 gold pieces
 14350 | Orc:2    | Bought a scroll of teleportation for 39 gold pieces
 14707 | Lair:3   | Found a runed translucent door.
 14870 | Lair:3   | Found a frozen archway.
 14883 | Lair:3   | Reached **** piety under Kikubaaqudgha
 14940 | IceCv    | Entered an ice cave
 15205 | IceCv    | Reached ***** piety under Kikubaaqudgha
 15862 | IceCv    | Identified the ring of the Morning {rF+ rC- rCorr Dex+3}
 16160 | Lair:3   | Found a staircase to the Shoals.
 16580 | Lair:4   | Reached XP level 14. HP: 115/120 MP: 17/21
 17444 | Lair:5   | Reached skill level 7 in Spellcasting
 17914 | Lair:5   | Reached skill level 5 in Ice Magic
 18266 | D:11     | Lost mutation: Your magical capacity is low. (-10% MP)
                  | [evolution]
 18648 | D:11     | Reached ****** piety under Kikubaaqudgha
 18655 | D:11     | Reached skill level 8 in Spellcasting
 18803 | D:11     | Noticed Grum
 18841 | D:11     | Killed Grum
 19103 | D:11     | Noticed Urug
 19119 | D:11     | Killed Urug
 19385 | D:12     | Found a shadowy altar of Dithmenos.
 20158 | D:13     | Reached XP level 15. HP: 126/126 MP: 23/27
 20431 | D:13     | Reached skill level 9 in Spellcasting
 20763 | Lair:6   | Entered Level 6 of the Lair of Beasts
 21074 | Lair:6   | Reached skill level 10 in Conjurations
 21302 | Lair:6   | Found a staircase to the Slime Pits.
 21302 | Lair:6   | Found a viscous altar of Jiyva.
 21967 | Lair:6   | Reached skill level 10 in Spellcasting
 21994 | Lair:6   | Found the +0 pair of fencer's gloves {Riposte Dex+3}
 22322 | Lair:6   | Found a corrupted altar of Lugonu.
 22322 | Lair:6   | Found a one-way gate to the infinite horrors of the Abyss.
 22560 | D:10     | Received a gift from Kikubaaqudgha
 22661 | Elf:1    | Entered Level 1 of the Elven Halls
 22661 | Elf:1    | Noticed a deep elf elementalist
 22672 | Elf:1    | Killed a deep elf elementalist
 22710 | Elf:1    | Reached skill level 10 in Ice Magic
 22910 | Elf:1    | Reached XP level 16. HP: 59/133 MP: 17/30
 23116 | Elf:1    | Reached skill level 1 in Necromancy
 23400 | Elf:1    | Gained mutation: You are clumsy. (Dex -2) [evolution]
 23400 | Elf:1    | Lost mutation: You evolve. [end of evolution]
 23611 | Elf:2    | Found Cuek's Magic Scroll Emporium.
 23615 | Elf:2    | Bought a scroll of acquirement for 728 gold pieces
 23615 | Elf:2    | Acquired 519 gold pieces
 23690 | Elf:2    | Found Gujaq's Armour Boutique.
 23692 | Elf:2    | Found Agelel's Armour Shoppe.
 23849 | Elf:2    | Found Suad Dee's Antique Armour Boutique.
 23931 | Elf:2    | Learned a level 4 spell: Dispel Undead
 24024 | Elf:2    | Found a runed translucent gate.
 24024 | Elf:2    | Found a runed translucent gate.
 24024 | Elf:2    | Found a runed translucent gate.
 24066 | Elf:2    | Found Ecoc Met's Distillery.
 24075 | Elf:2    | Bought a potion of curing for 39 gold pieces
 24075 | Elf:2    | Bought a potion of curing for 39 gold pieces
 24075 | Elf:2    | Bought a potion of curing for 39 gold pieces
 24075 | Elf:2    | Bought a potion of curing for 39 gold pieces
 24075 | Elf:2    | Bought a potion of brilliance for 52 gold pieces
 24282 | Elf:2    | Bought a scroll of enchant armour for 105 gold pieces
 24333 | Orc:2    | Bought 2 potions of magic for 256 gold pieces
 24333 | Orc:2    | Bought a potion of heal wounds for 80 gold pieces
 24333 | Orc:2    | Bought 2 potions of curing for 96 gold pieces
 24563 | D:14     | Reached skill level 5 in Necromancy
 24577 | D:14     | Noticed Nessos
 24598 | D:14     | Killed Nessos
 24799 | D:14     | Found a gate to the Vaults.
 25229 | D:15     | Entered Level 15 of the Dungeon
 25267 | D:15     | Found a staircase to the Depths.
 25405 | D:15     | Learned a level 3 spell: Frozen Ramparts
 25544 | D:15     | Reached XP level 17. HP: 146/146 MP: 31/31
 25872 | Snake:1  | Entered Level 1 of the Snake Pit
 25982 | Snake:1  | Noticed Aizul
 25993 | Snake:1  | Killed Aizul
 26331 | Snake:1  | Reached skill level 10 in Necromancy
 26829 | Snake:1  | Reached skill level 11 in Spellcasting
 26883 | Snake:1  | Identified Roxanne's Handbook of Changing
 26883 | Snake:1  | Noticed Roxanne
 28314 | Snake:2  | Identified the +2 leather armour of Gravity {rF+, Fly rC++
                  | Str-5}
 28393 | Snake:2  | Reached skill level 12 in Spellcasting
 28401 | Snake:2  | Learned a level 6 spell: Simulacrum
 28652 | Snake:2  | Found Qoaddi's Book Emporium.
 28652 | Snake:2  | Found Ucarragg's Jewellery Boutique.
 28653 | Snake:2  | Found Xuickast's Jewellery Boutique.
 29007 | Snake:3  | Reached XP level 18. HP: 154/154 MP: 34/34
 29953 | Snake:4  | Entered Level 4 of the Snake Pit
 30432 | Snake:4  | Noticed a quicksilver dragon
 30434 | Snake:4  | Noticed a quicksilver dragon
 30448 | Snake:4  | Killed a quicksilver dragon
 30449 | Snake:4  | Reached skill level 13 in Spellcasting
 30463 | Snake:4  | Killed a quicksilver dragon
 30571 | Snake:4  | Got a serpentine rune of Zot
 30650 | Snake:4  | Noticed Kirke
 30661 | Snake:4  | Killed Kirke
 31246 | Lair:2   | Acquired 840 gold pieces
 31400 | Orc:2    | Bought the +3 salamander hide armour {Flames rF++ rC--} for
                  | 966 gold pieces
 31400 | Orc:2    | Found the +3 salamander hide armour {Flames rF++ rC--}
 31904 | Elf:2    | Reached XP level 19. HP: 52/160 MP: 27/36
 32058 | Elf:3    | Entered Level 3 of the Elven Halls
 32438 | Elf:3    | Noticed kalagan's ghost (adept DECj)
 32450 | Elf:3    | Found a transporter.
 32519 | Elf:3    | Found a transporter.
 32677 | Elf:3    | Reached skill level 14 in Spellcasting
 32871 | Elf:3    | Identified the +1 robe of Nakhlys {rN+ Str-2 Int+4}
 32910 | Elf:3    | Identified the ring of Xour {+Blink rElec rCorr Slay-3
                  | SInv}
 32910 | Elf:3    | Identified the +5 war axe of Viodeh {pain, rCorr Dex+3}
 32910 | Elf:3    | Identified the amulet of Lugonu's Grace {Fragile rPois rN+
                  | Regen+ Int+4}
 33064 | Elf:3    | Identified the +4 shortbow of the Singing Scorpion {flame,
                  | rPois rC+++ Str-5 SInv}
 33094 | Elf:3    | Identified the +3 dagger of Wealth {vorpal, rPois MP+9
                  | SInv}
 33183 | Elf:3    | Got the Almanac of the Griffon
 33657 | Lair:2   | Learned a level 2 spell: Sublimation of Blood
 33662 | Lair:2   | Learned a level 4 spell: Olgreb's Toxic Radiance
 33666 | Lair:2   | Learned a level 3 spell: Ignite Poison
 33666 | Lair:2   | Fell from the grace of Kikubaaqudgha
 33739 | D:10     | Became a worshipper of Cheibriados the Contemplative
 33842 | Depths:1 | Entered Level 1 of the Depths
 33842 | Depths:1 | Found a gateway to Hell.
 33878 | Depths:1 | Reached skill level 1 in Invocations
 34004 | Depths:1 | Reached * piety under Cheibriados
 34189 | Depths:1 | Found a gateway to a ziggurat.
 34230 | Depths:1 | Reached skill level 15 in Necromancy
 34329 | Depths:1 | Learned a level 3 spell: Vampiric Draining
 34463 | Depths:1 | Reached skill level 15 in Spellcasting
 34518 | Depths:1 | Found a one-way gate leading to the halls of Pandemonium.
 34549 | Depths:1 | Reached ** piety under Cheibriados
 34586 | Depths:1 | Found a broken altar of Ashenzari.
 34884 | Depths:2 | Reached XP level 20. HP: 138/169 MP: 33/39
 34916 | Depths:2 | Reached skill level 5 in Invocations
 35151 | Depths:2 | Reached *** piety under Cheibriados
 35313 | Depths:2 | Identified the +5 falchion of Starshine {venom, Str+3}
 35319 | Depths:2 | Noticed a juggernaut
 35330 | Depths:2 | Noticed a golden dragon
 35333 | Depths:2 | Killed a juggernaut
 35351 | Depths:2 | Killed a golden dragon
 35352 | Depths:2 | Identified the +1 leather armour "Vurchozigu" {Contam Fly
                  | Int+8 Dex+4}
 35415 | Depths:2 | Reached **** piety under Cheibriados
 35884 | Depths:2 | Identified the +1 hunting sling of Checks and Balances
                  | {freeze, rF+}
 35962 | Depths:2 | Reached skill level 5 in Dodging
 35999 | Depths:2 | Reached ***** piety under Cheibriados
 36254 | Depths:2 | Noticed a juggernaut
 36265 | Depths:2 | Killed a juggernaut
 36266 | Depths:2 | Reached XP level 21. HP: 79/177 MP: 26/40
 37342 | Orc:2    | Bought a scroll of enchant armour for 97 gold pieces
 37345 | Orc:2    | Bought 2 potions of magic for 256 gold pieces
 37345 | Orc:2    | Bought a potion of curing for 48 gold pieces
 37345 | Orc:2    | Bought a potion of might for 64 gold pieces
 37400 | Elf:2    | Bought 2 scrolls of enchant weapon for 210 gold pieces
 37425 | Elf:2    | Bought a potion of might for 52 gold pieces
 37425 | Elf:2    | Bought a potion of might for 52 gold pieces
 37425 | Elf:2    | Bought a potion of might for 52 gold pieces
 37425 | Elf:2    | Bought a potion of might for 52 gold pieces
 37425 | Elf:2    | Bought a potion of resistance for 130 gold pieces
 37649 | Shoals:1 | Entered Level 1 of the Shoals
 37970 | Shoals:1 | Noticed Josephine
 37993 | Shoals:1 | Killed Josephine
 38009 | Shoals:1 | Identified the +1 scale mail "Xukucaec" {rElec rF+ Dex+2}
 38352 | Shoals:2 | Was forgiven by Kikubaaqudgha
 39023 | Shoals:3 | Reached ****** piety under Cheibriados
 39055 | Shoals:3 | Noticed Ilsuiw
 39070 | Shoals:3 | Killed Ilsuiw
 39238 | Shoals:3 | Reached skill level 10 in Stealth
 39296 | Shoals:3 | Reached skill level 10 in Fighting
 40679 | Shoals:4 | Entered Level 4 of the Shoals
 40861 | Shoals:4 | Noticed Polyphemus
 40875 | Shoals:4 | Killed Polyphemus
 41134 | Shoals:4 | Noticed Nikola
 41149 | Shoals:4 | Killed Nikola
 41164 | Shoals:4 | Identified the +2 morningstar of Egru {freeze, *Corrode
                  | rPois Stlth+}
 41319 | Shoals:4 | Reached XP level 22. HP: 190/190 MP: 36/41
 41395 | Shoals:4 | Got a barnacled rune of Zot
 41814 | Shoals:4 | Reached skill level 16 in Spellcasting
 41872 | Shoals:4 | Got the Almanac of Changing
 42010 | Lair:2   | Learned a level 8 spell: Infestation
 42075 | Snake:2  | Bought a book of Weapons for 480 gold pieces
 42079 | Snake:2  | Learned a level 3 spell: Portal Projectile
 42319 | D:15     | Learned a level 4 spell: Passage of Golubria
 42371 | Vaults:1 | Entered Level 1 of the Vaults
 42471 | Vaults:1 | Reached skill level 1 in Hexes
 42480 | Vaults:1 | Reached skill level 1 in Throwing
 42686 | Vaults:1 | Found Uruat's Armour Shoppe.
 43852 | Vaults:2 | Noticed Mennas
 43878 | Vaults:2 | Killed Mennas
 44129 | Vaults:2 | Reached skill level 5 in Hexes
 44319 | Vaults:2 | Found a staircase to the Crypt.
 44408 | Vaults:2 | Reached XP level 23. HP: 198/198 MP: 43/43
 44432 | Vaults:2 | Reached skill level 5 in Throwing
 46005 | Elf:3    | Killed kalagan's ghost
 48061 | Vaults:4 | Found a portal to a secret trove of treasure.
 48441 | Vaults:4 | Reached XP level 24. HP: 205/206 MP: 43/43
 50110 | Vaults:5 | Entered Level 5 of the Vaults
 50119 | Vaults:5 | Reached skill level 17 in Spellcasting
 50229 | Vaults:5 | Reached skill level 10 in Throwing
 50513 | Vaults:5 | Got a silver rune of Zot
 50564 | Vaults:5 | Identified the ring of Vuuphe {rN+ EV+4 Str+2 Dex+4 Slay-5}
 50597 | Vaults:5 | Got the Incunabulum of Companions
 51162 | Vaults:5 | Identified the ring "Anoyh" {rPois rCorr MP+9 Dex-5 Stlth+}
 51555 | Vaults:5 | Identified the +0 cloak of Action {rN+ Dex+3}
 51585 | Vaults:5 | Identified the +1 scale mail of Jiriurar {Int+6 Dex-3}
 51761 | Vaults:5 | Reached XP level 25. HP: 212/212 MP: 44/44
 52331 | Slime:1  | Entered Level 1 of the Pits of Slime
 52620 | Slime:2  | Reached skill level 1 in Transmutations
 52620 | Slime:2  | Reached skill level 1 in Fire Magic
 54483 | Slime:1  | Paralysed by a floating eye for 2 turns
 55686 | Crypt:1  | Entered Level 1 of the Crypt
 55729 | Crypt:1  | Noticed Sojobo
 55746 | Crypt:1  | Killed Sojobo
 56153 | Crypt:1  | Noticed Gunterle's ghost (veteran KoDe)
 56290 | Crypt:1  | Found a transporter.
 56298 | Crypt:1  | Found a transporter.
 56662 | Crypt:2  | Reached skill level 5 in Transmutations
 56682 | Crypt:2  | Reached skill level 5 in Fire Magic
 57088 | Crypt:3  | Entered Level 3 of the Crypt
 57200 | Crypt:3  | Noticed Bai Suzhen
 57216 | Crypt:3  | Killed Bai Suzhen
 57493 | Crypt:3  | Noticed Saint Roka
 57512 | Crypt:3  | Killed Saint Roka
 57513 | Crypt:3  | Reached XP level 26. HP: 196/220 MP: 26/44
 57826 | Crypt:3  | Got the Catalogue of the Shifting Frostbite
 57871 | Crypt:3  | Reached skill level 18 in Spellcasting
 57892 | Crypt:3  | Got the Volume of Unholy Rituals
 58375 | Crypt:3  | Found a staircase to the Tomb.
 58472 | Crypt:3  | Noticed a dread lich
 58478 | Crypt:3  | Killed a dread lich
 58501 | Crypt:3  | Identified the ring of Sosty {rF++ rN+}
 58501 | Crypt:3  | Identified the ring of Veosu {rC- rN+ Str+4 Stlth+}
 58501 | Crypt:3  | Identified the ring of Moderation {Contam rElec rN+ Int+5
                  | SInv}
 58514 | Crypt:3  | Identified the +0 cloak "Gegizya" {rF++ Int+2 Dex-3}
 58517 | Crypt:3  | Identified the +11 glaive of Erumotaf {vorpal, rN+ Int+3
                  | Dex+5}
 58593 | Tomb:1   | Entered Level 1 of the Tomb of the Ancients
 58998 | Tomb:1   | Noticed a royal mummy
 59001 | Tomb:1   | Noticed a royal mummy
 59013 | Tomb:1   | Killed a royal mummy
 59015 | Tomb:1   | Killed a royal mummy
 59699 | Tomb:1   | Identified the +1 scale mail of the Orb Guardian {Dex+5}
 59970 | Crypt:1  | Killed Gunterle's ghost
 59999 | Crypt:1  | Identified the +10 longbow of the End of Times {flame,
                  | +Blink rElec rC++ Will-}
 60001 | Crypt:1  | Identified the +0 plate armour "Musief" {rPois Will+ Str-2
                  | Dex+4}
 60441 | Depths:3 | Found an ornate altar of the Wu Jian Council.
 60455 | Depths:3 | Reached skill level 10 in Transmutations
 60458 | Depths:3 | Reached skill level 10 in Fire Magic
 60516 | Depths:3 | Noticed Xtahua
 60523 | Depths:3 | Killed Xtahua
 60600 | Depths:3 | Reached XP level 27. HP: 225/228 MP: 19/45
 61001 | Depths:3 | Noticed Jory
 61009 | Depths:3 | Killed Jory
 61254 | Depths:4 | Noticed a juggernaut
 61273 | Depths:4 | Killed a juggernaut
 61323 | Depths:4 | Learned a level 6 spell: Starburst
 61368 | Depths:4 | Got Loepheta's Volume of the Mountains
 61466 | Depths:4 | Acquired the +2 pair of gloves of Meih {rN++ rCorr Dex-4}
 61613 | Depths:4 | Noticed Naim's ghost (veteran GnFi)
 61714 | Depths:3 | Identified the +11 quarterstaff of Demand {holy, *Rage
                  | Dex+6}
 61732 | Depths:4 | Found a transporter.
 61754 | Depths:4 | Found a transporter.
 62292 | Depths:5 | Entered Level 5 of the Depths
 62712 | Depths:5 | Learned a level 8 spell: Necromutation
 62842 | Depths:5 | Found a gate to the Realm of Zot.
 63021 | Depths:5 | Reached skill level 15 in Conjurations
 63517 | Depths:5 | Found Seipruq's Book Shoppe.
 63583 | Depths:4 | Paralysed by a floating eye for 2 turns
 63611 | Depths:4 | HP: 9/228 [Naim's ghost (17)]
 63614 | Depths:4 | Killed Naim's ghost
 63632 | Depths:4 | Identified the +1 helmet "Oqah" {MP+9}
 63979 | Lair:2   | Acquired 1133 gold pieces
 64079 | Snake:2  | Bought the amulet of Cahiubb {Reflect rCorr SH+5} for 766
                  | gold pieces
 64309 | Slime:5  | Entered Level 5 of the Pits of Slime
 64368 | Slime:5  | Noticed the Royal Jelly
 64369 | Slime:5  | Reached skill level 15 in Fire Magic
 64392 | Slime:5  | Killed the Royal Jelly
 64435 | Slime:5  | Found the ring of the Hare {EV+8}
 64471 | Slime:5  | Identified the +0 lajatang of the Tomato {drain, Dex+4}
 64499 | Slime:5  | Identified the +3 fustibalus of the Eel {speed, rF+ Str+2}
 64511 | Slime:5  | Got a slimy rune of Zot
 64543 | Slime:5  | Gained mutation: You are very clumsy. (Dex -4) [a shining
                  | eye]
 64557 | Slime:5  | Identified the +7 shortbow of the Lumpy Artisans {freeze,
                  | rElec rN+ Int-2}
 65369 | Zot:1    | Entered Level 1 of the Realm of Zot
 65660 | Zot:1    | Learned a level 3 spell: Lesser Beckoning
 65767 | Zot:1    | Noticed an orb of fire
 65808 | Zot:1    | Killed an orb of fire
 65951 | Zot:1    | Reached skill level 1 in Evocations
 66736 | Zot:2    | Reached skill level 5 in Evocations
 67136 | Zot:2    | Reached skill level 10 in Armour
 67583 | Zot:3    | Found a runed translucent gate.
 67583 | Zot:3    | Found a runed translucent gate.
 67583 | Zot:3    | Found a runed translucent gate.
 67584 | Zot:3    | Noticed reasonance's ghost (legendary DsFi)
 67585 | Zot:3    | Noticed stpyramids's ghost (legendary DDFi)
 67590 | Zot:3    | Noticed Pongem's ghost (legendary MiAK)
 67590 | Zot:3    | Noticed Beclu's ghost (legendary GnSk)
 67824 | Zot:3    | Killed Pongem's ghost
 68047 | Zot:3    | Killed reasonance's ghost
 68160 | Zot:3    | Identified the ring "Jetwew" {Wiz rElec rF+ Int+6 Dex-5
                  | Slay+3}
 68164 | Zot:3    | Identified the +12 glaive of Isurineojo {vorpal, Drain
                  | +Blink +Rage Str+6}
 68323 | Zot:4    | Identified the +1 ring mail "Viypteh" {+Blink rN+ MP-9
                  | Dex+6}
 69538 | Lair:2   | Learned a level 8 spell: Ignition
 69955 | Vaults:4 | You showed the slimy rune of Zot to enter a treasure trove
 69956 | Trove    | Entered a treasure trove
 69963 | Trove    | Identified the +4 quarterstaff of Joyful Slaughter {vorpal,
                  | rF+ rC+ Str+2 Dex+4}
 69975 | Trove    | Identified the +6 shortbow of Rioq {vorpal, Fragile Str+4
                  | Int+5}
 71526 | Zot:3    | Killed Beclu's ghost
 71900 | Depths:1 | Voluntarily entered the Abyss.
 72435 | Abyss:3  | Noticed a dread lich
 72446 | Abyss:3  | Killed a dread lich
 72776 | Abyss:4  | Found a shimmering altar of Xom.
 73062 | Abyss:5  | Entered Level 5 of the Abyss
 73325 | Abyss:5  | Found a corrupted altar of Lugonu.
 73334 | Abyss:5  | Got an abyssal rune of Zot
 73368 | Depths:1 | Escaped the Abyss
 73732 | Elf:2    | Bought a scroll of identify for 28 gold pieces
 73732 | Elf:2    | Bought a scroll of vulnerability for 105 gold pieces
 73732 | Elf:2    | Bought a scroll of magic mapping for 49 gold pieces
 73732 | Elf:2    | Bought a scroll of identify for 28 gold pieces
 73732 | Elf:2    | Bought a scroll of identify for 28 gold pieces
 73732 | Elf:2    | Bought a scroll of fog for 28 gold pieces
 73749 | Elf:2    | Bought a glowing scarf for 280 gold pieces
 73812 | Orc:2    | Bought a wand of acid (7) for 286 gold pieces
 73968 | Lair:2   | Learned a level 7 spell: Orb of Destruction
 74187 | Hell     | Entered the Vestibule of Hell
 74187 | Hell     | Noticed Geryon
 74226 | Hell     | Killed Geryon
 74304 | Hell     | Found a gateway to the freezing wastes of Cocytus.
 74402 | Hell     | Found a gateway to the decaying netherworld of Tartarus.
 74427 | Hell     | Reached skill level 19 in Spellcasting
 74586 | Hell     | Found a gateway to the ashen valley of Gehenna.
 74666 | Hell     | Found a gateway to the Iron City of Dis.
 74685 | Hell     | Learned a level 4 spell: Summon Lightning Spire
 74880 | Tar:1    | Entered Level 1 of Tartarus
 75989 | Tar:7    | Entered Level 7 of Tartarus
 76508 | Tar:7    | Reached skill level 20 in Spellcasting
 76598 | Tar:7    | Identified the +1 mace "Awnedec" {flame, rPois rF+ Str-3}
 76600 | Tar:7    | Identified the +3 flail of Glory {drain, rF++ rN+ Str+3
                  | Int-2}
 76771 | Tar:7    | Noticed Ereshkigal
 76802 | Tar:7    | Killed Ereshkigal
 76835 | Tar:7    | Got a bone rune of Zot
 77263 | Lair:2   | Learned a level 9 spell: Fire Storm
 78036 | Coc:1    | Entered Level 1 of Cocytus
 79115 | Coc:6    | Noticed an ancient lich
 79118 | Coc:6    | Killed an ancient lich
 79418 | Coc:7    | Entered Level 7 of Cocytus
 79453 | Coc:7    | Reached skill level 21 in Spellcasting
 79683 | Coc:7    | Reached skill level 15 in Polearms
 79838 | Coc:7    | Reached skill level 15 in Stealth
 80316 | Coc:7    | Noticed Antaeus
 80332 | Coc:7    | Killed Antaeus
 80360 | Coc:7    | Got an icy rune of Zot
 80451 | Coc:7    | Identified the +1 quarterstaff of Conformity {freeze, rElec
                  | Int+2 Dex-3}
 80714 | Coc:7    | Identified the ring of Ovuidgh {MP+9 Int+4 SInv}
 80717 | Coc:7    | Identified the +8 short sword "Guopp" {speed, Fly rF+ rC+}
 80718 | Coc:7    | Identified the +3 quarterstaff "Ytefirov" {protect, Int+5}
 80923 | Hell     | Learned a level 5 spell: Lee's Rapid Deconstruction
 80962 | Dis:1    | Entered Level 1 of the Iron City of Dis
 81040 | Dis:1    | Reached skill level 1 in Earth Magic
 81922 | Dis:3    | Reached skill level 5 in Earth Magic
 81951 | Dis:3    | Reached skill level 10 in Invocations
 81954 | Dis:3    | HP: 3/228 [hellion/damnation (20)]
 85292 | Dis:7    | Entered Level 7 of the Iron City of Dis
 85936 | Dis:7    | Reached skill level 10 in Shields
 86007 | Dis:7    | Reached skill level 22 in Spellcasting
 86509 | Dis:7    | Found the +4 staff of Dispater
 86509 | Dis:7    | Noticed Dispater
 87682 | Dis:7    | Identified the +1 helmet of Unreason {rC+ Will+}
 87952 | Dis:7    | Reached skill level 15 in Fighting
 88981 | Dis:7    | Reached skill level 23 in Spellcasting
 89779 | Dis:7    | Killed Dispater
 89797 | Dis:7    | Got an iron rune of Zot
 90565 | Zig:1    | Entered Level 1 of a ziggurat
 90584 | Zig:2    | Entered Level 2 of a ziggurat
 90618 | Zig:3    | Entered Level 3 of a ziggurat
 90630 | Zig:3    | Identified the +0 chain mail of Philately {rElec Dex-5 SInv
                  | Stlth+}
 90638 | Zig:4    | Entered Level 4 of a ziggurat
 90665 | Zig:4    | Identified the +9 long sword of Punishment {vorpal, rPois
                  | rF+ Will-}
 90669 | Zig:5    | Entered Level 5 of a ziggurat
 90686 | Zig:5    | Identified the ring of Voecefu {Int+7 Dex+6}
 90772 | Zig:6    | Entered Level 6 of a ziggurat
 90798 | Zig:6    | Identified the +1 helmet of Sin {rN+ Regen+ Int+3 Slay+3}
 90820 | Zig:6    | Identified the ring of Eczez {+Blink rC- Will+ rCorr
                  | Stlth+}
 90825 | Zig:7    | Entered Level 7 of a ziggurat
 90831 | Zig:7    | Found the +2 ratskin cloak {*Rats rPois rN+ Str-1 Int-1
                  | Dex+1}
 90842 | Zig:7    | Identified the +2 trident "Beetleslayer" {vorpal, *Rage
                  | Dex+5}
 90856 | Zig:8    | Entered Level 8 of a ziggurat
 90862 | Zig:8    | Noticed a juggernaut
 90868 | Zig:8    | Killed a juggernaut
 90881 | Zig:8    | Identified the +6 mace of the Harvest {venom, rN+ SInv}
 90882 | Zig:8    | Identified the +10 quarterstaff "Doix" {flame, Will++ Str+2
                  | Int-2}
 90893 | Zig:9    | Entered Level 9 of a ziggurat
 90900 | Zig:9    | Noticed an ancient lich
 90903 | Zig:9    | Killed an ancient lich
 90927 | Zig:9    | Identified the ring "Issuigid" {Ice rElec Will+ Dex+3}
 90934 | Zig:9    | Identified the +6 flail "Solun" {vorpal, Int+4 Dex+2}
 90938 | Zig:10   | Entered Level 10 of a ziggurat
 90978 | Zig:10   | Identified the +2 dagger of Elototz {venom, rElec rN+++
                  | Dex-4}
 90980 | Zig:10   | Got Suogollu's Disquisition on Spatial Transformation
 90992 | Zig:10   | Identified the +2 dire flail "Dosuduul" {vamp, rF- Int+4
                  | Dex+5}
 91006 | Zig:11   | Entered Level 11 of a ziggurat
 91008 | Zig:11   | Noticed Kimmuip the pandemonium lord
 91018 | Zig:11   | Reached skill level 24 in Spellcasting
 91037 | Zig:11   | Killed Kimmuip the pandemonium lord
 91059 | Zig:11   | Found the +7 great mace "Undeadhunter" {disrupt, rN+}
 91068 | Zig:11   | Identified the +6 morningstar "Yrro Nio" {vorpal, rPois
                  | Will- Str+7}
 91154 | Zig:12   | Entered Level 12 of a ziggurat
 91231 | Zig:12   | Identified the +9 great sword "Gowaenlo" {vorpal, rElec
                  | rPois}
 91232 | Zig:12   | Identified the +7 shortbow of Yhel {vorpal, Str+4}
 91243 | Zig:13   | Entered Level 13 of a ziggurat
 91327 | Zig:13   | Identified the amulet "Corchaqoe" {RegenMP rElec}
 91330 | Zig:13   | Reached skill level 10 in Air Magic
 91345 | Zig:13   | Identified the +0 leather armour "Ygifaf" {Slay+3}
 91350 | Zig:14   | Entered Level 14 of a ziggurat
 91363 | Zig:14   | Noticed an ancient lich
 91368 | Zig:14   | Killed an ancient lich
 91414 | Zig:14   | Learned a level 1 spell: Apportation
 91426 | Zig:15   | Entered Level 15 of a ziggurat
 91433 | Zig:15   | Noticed Haket the pandemonium lord
 91436 | Zig:15   | Noticed Rimerph the pandemonium lord
 91439 | Zig:15   | Noticed Imurilukh the pandemonium lord
 91445 | Zig:15   | Noticed Kickofit the pandemonium lord
 91446 | Zig:15   | Noticed Lolajado the pandemonium lord
 91448 | Zig:15   | Killed Haket the pandemonium lord
 91450 | Zig:15   | Noticed Pyn Xonnu the pandemonium lord
 91452 | Zig:15   | Killed Imurilukh the pandemonium lord
 91455 | Zig:15   | Killed Lolajado the pandemonium lord
 91455 | Zig:15   | Killed Rimerph the pandemonium lord
 91461 | Zig:15   | Killed Kickofit the pandemonium lord
 91470 | Zig:15   | Killed Pyn Xonnu the pandemonium lord
 91476 | Zig:15   | Reached skill level 25 in Spellcasting
 91697 | Zig:15   | Learned a level 8 spell: Maxwell's Capacitive Coupling
 91707 | Zig:15   | Identified the +10 broad axe "Zutwic" {vorpal, +Blink rF+
                  | Dex+2}
 91712 | Zig:16   | Entered Level 16 of a ziggurat
 91726 | Zig:16   | Noticed an ancient lich
 91729 | Zig:16   | Noticed an ancient lich
 91731 | Zig:16   | Killed an ancient lich
 91739 | Zig:16   | Killed an ancient lich
 91781 | Zig:16   | Identified the +2 great mace of Valour {vorpal, rPois rN+
                  | Str+5}
 91821 | Zig:17   | Entered Level 17 of a ziggurat
 91841 | Zig:17   | Reached skill level 15 in Air Magic
 91915 | Zig:17   | Identified the +1 cloak "Nackaeh" {rElec rN+ Regen+ Str-2}
 91922 | Zig:18   | Entered Level 18 of a ziggurat
 92002 | Zig:18   | Found the +15 Maxwell's patent armour {-Cast -Tele rElec
                  | Will+ rCorr}
 92004 | Zig:18   | Found the +6 Majin-Bo {vamp, MP+6 Int+6}
 92005 | Zig:18   | Found the macabre finger necklace {rN+}
 92079 | Zig:19   | Entered Level 19 of a ziggurat
 92179 | Zig:19   | Identified the +0 steam dragon scales of Tielutzuedi
                  | {rCorr}
 92184 | Zig:20   | Entered Level 20 of a ziggurat
 92261 | Zig:20   | Identified the ring of Caigat {Wiz Str+6 Slay+2}
 92276 | Zig:20   | Identified the +1 plate armour of Divine Compulsion {Str+3
                  | Slay+6}
 92285 | Zig:21   | Entered Level 21 of a ziggurat
 92288 | Zig:21   | Noticed Aklifas the pandemonium lord
 92300 | Zig:21   | Killed Aklifas the pandemonium lord
 92303 | Zig:21   | Noticed Zishraith the pandemonium lord
 92313 | Zig:21   | Noticed Senea the pandemonium lord
 92314 | Zig:21   | Noticed Taotiuro the pandemonium lord
 92321 | Zig:21   | Killed Taotiuro the pandemonium lord
 92321 | Zig:21   | Noticed Semmaung the pandemonium lord
 92321 | Zig:21   | Noticed Meocir the pandemonium lord
 92323 | Zig:21   | Killed Zishraith the pandemonium lord
 92327 | Zig:21   | Killed Senea the pandemonium lord
 92341 | Zig:21   | Killed Semmaung the pandemonium lord
 92345 | Zig:21   | Killed Meocir the pandemonium lord
 92348 | Zig:21   | Noticed Ocrulehu the pandemonium lord
 92353 | Zig:21   | Noticed Cozukeota the pandemonium lord
 92355 | Zig:21   | Killed Ocrulehu the pandemonium lord
 92355 | Zig:21   | Killed Cozukeota the pandemonium lord
 92361 | Zig:21   | Reached skill level 26 in Spellcasting
 92369 | Zig:21   | Noticed Zoiguedin the pandemonium lord
 92382 | Zig:21   | Paralysed by a floating eye for 4 turns
 92393 | Zig:21   | Paralysed by a floating eye for 3 turns
 92407 | Zig:21   | Paralysed by a floating eye for 2 turns
 92411 | Zig:21   | Killed Zoiguedin the pandemonium lord
 92475 | Zig:21   | Identified the +4 battleaxe of Hatred {vamp, rElec rF-
                  | Int+8 Stlth+}
 92508 | Zig:21   | Identified the +1 chain mail of Gyublaeh {rF+ MP+9}
 92515 | Zig:21   | Identified the +4 crystal plate armour of Generosity
                  | {Dex+5}
 92522 | Zig:22   | Entered Level 22 of a ziggurat
 92552 | Zig:22   | Reached skill level 10 in Earth Magic
 92561 | Zig:22   | Reached skill level 5 in Summonings
 92649 | Zig:22   | Found the +5 demon whip "Spellbinder" {antimagic, Will+}
 92657 | Zig:22   | Identified the +0 ring mail "Yrizouf" {Rampage Int+4}
 92661 | Zig:22   | Identified the +2 leather armour of Ruxabola {rC++}
 92664 | Zig:22   | Identified the amulet "Coton" {Acrobat -Cast +Inv Str+3}
 92671 | Zig:22   | Identified the +1 robe of the Shining Light {Harm rPois
                  | MP-9 Str+4}
 92705 | Zig:22   | Identified the +7 arbalest of Bekyca Lyu {venom, Fragile
                  | Dex+6}
 92709 | Zig:23   | Entered Level 23 of a ziggurat
 92815 | Zig:23   | Found the +13 scythe of Curses {drain, Drain}
 92825 | Zig:23   | Identified the ring "Niub" {Fly rF+ rC+ Will- Int+6}
 92845 | Zig:23   | Identified the ring of Yxetipp {rF+ Will+ rCorr MP+9 Dex-4}
 92880 | Zig:24   | Entered Level 24 of a ziggurat
 92942 | Zig:24   | Reached skill level 10 in Summonings
 92985 | Zig:24   | Identified the amulet of the Pariah {Spirit Will+}
 93033 | Zig:25   | Entered Level 25 of a ziggurat
 93094 | Zig:25   | Noticed Biph the pandemonium lord
 93096 | Zig:25   | HP: 12/260 [??? (8)]
 93101 | Zig:25   | HP: 12/260 [??? (8)]
 93101 | Zig:25   | Mangled by Biph the pandemonium lord

Illustrated notes

Levels and vault maps discovered:
D:1:      lemuel_arrival_river_bridge, layout_loops_cross, serial_shops,
          nicolae_diamond_shop
D:2:      layout_basic, shapermc_ecumenical_altar_notcrosses, basic_altar
D:3:      layout_rooms, beargit_hepliaklqana_dungeon_heroes, uniq_robin
D:4:      layout_cave_pools, lightli_temple_of_fire, serial_shops, shop,
          uniq_grinder
D:5:      layout_cave_pools, lemuel_coloured_pillars_altar,
          gup_sewer_entry_bubbles
D:6:      layout_loops_ring, lemuel_crystal_altar
D:7:      layout_layer_cave, chequers_temple_overflow_statue_of_worship,
          minmay_temple_entry_mist, minmay_shop_mass, uniq_menkaure
D:8:      statuecave_lemuel, layout_loops_ring
D:9:      layout_stronghold, vehumet_crystals, mainiacjoe_overflow_alcove_2,
          orc_0_dummy, uniq_erolcha
D:10:     layout_small_grid, yredelemnul_forgotten_temple_becter,
          mainiacjoe_overflow_catch_the_wave,
          grunt_temple_overflow_growth_and_decay, minmay_lair_entry_grove,
          nicolae_shop_gadgets
D:11:     layout_gridville, minmay_bent, uniq_urug, uniq_grum
D:12:     layout_stronghold, nicolae_dithmenos_through_a_glass_darkly
D:13:     layout_rooms, special_room [special_room_bee], interstate_on_off
D:14:     layout_rooms, lightli_vaults_fourway_checkpoint, dk_noncrumbling_3,
          uniq_nessos
D:15:     grunt_enter_depths_giant_problem, layout_rooms,
          chequers_serial_rivers_large_b
Temple:   compressed_dpeg_triangle_lava_temple
Lair:1:   layout_cave_pods, kennysheep_abandoned_house
Lair:2:   layout_hall_layers, minmay_snake_entry_six_corridors,
          kennysheep_rathole
Lair:3:   layout_regular_city, minmay_shoals_entry_lonely_mermaid,
          portal_ice_cave_entry_imps, pf_torpor_hydra
Lair:4:   layout_cave_pods, serial_bayou_shore_a, lemuel_fruit_tree,
          grunt_megastairs_2
Lair:5:   layout_regular_city, grunt_megastairs_3
Lair:6:   hellmonk_lair_end_abyssal_woods, layout_regular_city, slime_altar_1,
          grunt_megastairs_5
Shoals:1: layout_shoals, uniq_josephine
Shoals:2: layout_shoals
Shoals:3: layout_shoals, nicolae_shoals_spectral_cove, uniq_ilsuiw
Shoals:4: shoals_end_simple, layout_shoals, shoals_ilsuiw_alternative,
          uniq_polyphemus, uniq_nikola
Snake:1:  layout_chambers, corexii_hall_statues_x, nicolae_snake_omega,
          serial_bayou_shore_b, uniq_aizul, uniq_roxanne
Snake:2:  layout_misc_corridors, special_room,
          hellmonk_guarded_unrand_salamander, minmay_shop_grove
Snake:3:  layout_cave_town, nicolae_coiled_stairwell_up, serial_bayou_shore_b,
          serial_bayou_shore_b
Snake:4:  hellmonk_snake_rune_quicksilver_temple, layout_onion,
          grunt_ministairs_2, uniq_kirke
Slime:1:  cheibrodos_slime_lost_civilization_10, layout_caves
Slime:2:  layout_caves
Slime:3:  layout_caves, nicolae_slime_barrier
Slime:4:  layout_caves
Slime:5
Orc:1:    layout_caves, nicolae_orc_bridge_out
Orc:2:    grunt_orc_tribal_feast, layout_caves, serial_shops, shop
Elf:1:    minmay_elf_arrival_circle, layout_geoelf_octagon,
          hangedman_elf_disciples
Elf:2:    elven_hall_of_blades_hangedman_original [nooodl_blade_entry_preview],
          layout_geoelf_diagonals, serial_shops, nicolae_shop_statue_plus,
          nicolae_shop_crystal, shop_statue, shop, shop
Elf:3:    minmay_elf_hall_not_hex, layout_geoelf_diagonals,
          gammafunk_ghost_abyssal_escape
Vaults:1: nicolae_vaults_triangles, vaults_dpeg_cross, dpeg_vaults_monster_row,
          ontoclasm_vaults_ring_large, nicolae_vaults_rhombus_6,
          vaults_room_hallway, ontoclasm_vaults_shuriken,
          nicolae_vaults_sealed_display, v_misc_2, hangedman_vaults_slice,
          vaults_room_grunt_arrival_ludios, layout_vaults_omnicross,
          serial_shops, nicolae_shop_trees
Vaults:2: minmay_crypt_entry_simple_plaza, ontoclasm_vaults_ring_large,
          hangedman_vaults_locks, grunt_vaults_trifunnel,
          nicolae_vaults_statue_guard, nicolae_vaults_diagonal_hallway_6,
          nicolae_vaults_circle_grid_a, vaults_room_boxed,
          nicolae_vaults_network_s, grunt_vaults_hallway_long, v_misc_15,
          nicolae_vaults_windows_and_doors_thing, ontoclasm_vaults_eye,
          layout_vaults_maze_bifur, uniq_mennas
Vaults:3: vaults_standard_mumra_lines, v_rooms_5, grunt_vaults_hallway_short,
          nicolae_vaults_theta, hangedman_vaults_maws, vaults_room_hallway,
          nicolae_vaults_mini_display_case, layout_vaults_omnigrid
Vaults:4: ontoclasm_vaults_hangar, vaults_mumra_lcd, vaults_room_fancy_cross,
          hangedman_vaults_corner, hangedman_vaults_maws,
          vaults_standard_mumra_enter_the_diamond, nicolae_vaults_specimen_jars,
          v_misc_15, serial_ice_h, st_cells, dpeg_vaults_monster_box,
          nicolae_vaults_angled_halls, ontoclasm_vaults_pinch,
          grunt_vaults_swirl, vaults_room_semicircle, layout_vaults_omnibox,
          nicolae_trove_entry_path_of_doom
Vaults:5: serial_shops
Crypt:1:  layout_rooms, gammafunk_ghost_arena, grunt_crypt_arrival_guarded_gate,
          uniq_sojobo
Crypt:2:  layout_catacombs, serial_sigils_hangedman_etch,
          roderic_lattice_octagonal_star
Crypt:3:  due_elkab, layout_chaotic_city, tomb_entry_simple_bobbens,
          uniq_bai_suzhen, uniq_saint_roka
Tomb:1
Depths:1: layout_basic, enter_ziggurat_a, hell_entry, rand_demon_pan_entry_8,
          lemuel_crystal_altar, abyss_entry_crystal, lemuel_another_geyser
Depths:2: minmay_the_grid_square_5x5_4x4
          [minmay_the_grid_square_5x5_three_walls,
          minmay_the_grid_square_5x5_minibox,
          minmay_the_grid_square_5x5_inner_v,
          minmay_the_grid_square_5x5_inverted_slash,
          minmay_the_grid_square_5x5_two_walls_b,
          minmay_the_grid_square_5x5_prize_monsterx,
          minmay_the_grid_square_5x5_prize_waves,
          minmay_the_grid_square_5x5_fancy_junction,
          minmay_the_grid_square_5x5_broken_cross,
          minmay_the_grid_square_5x5_prize_pseudospiral,
          minmay_the_grid_square_5x5_prize_rear_guard,
          minmay_the_grid_square_5x5_minimal, minmay_the_grid_square_5x5_fat_x,
          minmay_the_grid_square_5x5_percent, minmay_the_grid_square_5x5_slash,
          minmay_the_grid_square_5x5_pentomino_r], layout_honeycomb, hell_entry,
          serial_co_window_serial, co_window_paths_a, co_window_paths_b,
          co_window_corner_a, co_window_paths_a, co_window_corner_a,
          co_window_corner_a, co_window_corner_a, co_window_cross_2,
          co_window_corner_b, co_window_corner_b, co_window_4corner_b,
          glass_columns_b
Depths:3: kennysheep_ogre_elephant_herders, layout_honeycomb, hell_entry,
          rand_demon_pan_entry_3, nicolae_wu_jian_wuxing_cycle,
          evilmike_butchery, serial_bayou_shore_b,
          minmay_staircase_windowed_large, serial_bayou_shore_b, firewood_loft,
          uniq_jory, uniq_xtahua
Depths:4: minmay_tri_box, layout_basic, marbit_kobold_abyss_entry,
          grunt_hell_entry_dis_grunt, hex_tiny, gammafunk_ghost_arena,
          kennysheep_inner_square
Depths:5: grunt_x_marks_the_spot, layout_gridlike, minmay_misc_feat_plants,
          serial_shops, nicolae_lakefront_shop, grunt_mini_vestibule
Hell
Dis:1:    layout_gridville
Dis:2:    layout_subdivisions, hangedman_dis_decor_tower
Dis:3:    layout_gridville
Dis:4:    layout_gridville, hangedman_dis_decor_blocks_talon
Dis:5:    layout_jigsaw
Dis:6:    layout_overlapping_boxes
Dis:7:    iron_city_of_dis [dis_grunt, dis_wall_2], layout_chaotic_city
Coc:1:    layout_ice_bergs
Coc:2:    layout_ice_bergs
Coc:3:    layout_cocytus_water_paths
Coc:4:    layout_ice_bergs
Coc:5:    layout_ice_bergs, lemuel_elevator
Coc:6:    layout_ice_bergs
Coc:7:    coc_dpeg
Tar:1:    layout_cathedral_of_symmetry
Tar:2:    layout_grid_maze
Tar:3:    layout_grid_maze
Tar:4:    layout_catacombs, nicolae_tar_cuneiform_two,
          nicolae_tar_cuneiform_to_be, nicolae_tar_cuneiform_heaven
Tar:5:    layout_honeycomb, lemuel_elevator
Tar:6:    layout_catacombs
Tar:7:    tar_old
Zot:1:    layout_gridlike
Zot:2:    layout_onion, hangedman_zot_gyre, st_stairs_9
Zot:3:    layout_twisted_circle, gammafunk_ghost_cemetery
Zot:4:    layout_concentric_octagons, st_stairs_9
Zig:25:   ziggurat_pillar_d, ziggurat_pillar_d, ziggurat_pillar_d,
          ziggurat_pillar_d

Skill      XL: |  1  2  3  4  5  6  7  8  9 10 11 12 13 14 15 16 17 18 19 20 21 22 23 24 25 26 27 |
---------------+----------------------------------------------------------------------------------+-----
Conjurations   | 2 4 5 6 9 11 12 13 21 | 21.0
Poison Magic   | 2 5 8 9 |  9.0
Translocations | 2 3 6 8 9 |  9.0
Stealth        | 6 8 9 12 13 18 | 18.0
Spellcasting   | 6 8 10 12 13 15 16 17 18 26 | 26.6
Air Magic      | 5 6 18 | 18.0
Armour         | 2 5 6 8 9 14 | 14.0
Polearms       | 3 6 9 12 14 18 | 18.0
Shields        | 5 6 9 12 | 12.0
Fighting       | 3 6 8 10 18 | 18.0
Ice Magic      | 1 2 7 10 11 | 11.0
Dodging        | 2 5 6 |  6.0
Necromancy     | 9 12 13 15 16 17 18 19 20 21 | 21.0
Invocations    | 4 8 9 13 | 13.0
Hexes          | 5 |  5.0
Throwing       | 4 8 10 14 | 14.9
Transmutations | 6 10 13 | 13.0
Fire Magic     | 6 10 24 | 24.0
Evocations     | 7 |  7.0
Earth Magic    | 13 | 13.4
Summonings     | 10 | 10.7

Action                   |  1- 3 |  4- 6 |  7- 9 | 10-12 | 13-15 | 16-18 | 19-21 | 22-24 | 25-27 || total
-------------------------+-------+-------+-------+-------+-------+-------+-------+-------+-------++-------
Melee: Spear             |     6 |     5 |       |       |       |       |       |       |       ||    11
       Flail             |       |    21 |     5 |    17 |       |       |       |       |       ||    43
       Dagger            |       |     8 |   123 |   177 |       |       |       |       |       ||   308
       Lance             |       |       |       |   418 |  1432 |   953 |  1095 |   796 |  6437 || 11131
       Trident           |       |       |       |     6 |       |       |       |       |       ||     6
       Constrict         |       |       |       |       |   196 |   117 |    84 |    97 |   711 ||  1205
       Trishula          |       |       |       |       |       |       |       |    27 |   569 ||   596
       Staff             |       |       |       |       |       |       |       |     1 |     2 ||     3
Throw: Javelin           |       |       |       |       |       |       |       |     1 |    50 ||    51
 Cast: Magic Dart        |    58 |    76 |   205 |   106 |   100 |    28 |    55 |     9 |   180 ||   817
       Mephitic Cloud    |       |     1 |    16 |   105 |    74 |    22 |    20 |    29 |     9 ||   276
       Blink             |       |       |     2 |     7 |    14 |    11 |    28 |    31 |    53 ||   146
       Teleport Other    |       |       |       |    22 |     1 |       |     5 |       |     2 ||    30
       Freezing Cloud    |       |       |       |       |    28 |   150 |   155 |   112 |   187 ||   632
       Dispel Undead     |       |       |       |       |       |     2 |    84 |     7 |    93 ||   186
       Frozen Ramparts   |       |       |       |       |       |     7 |     3 |     4 |     1 ||    15
       Simulacrum        |       |       |       |       |       |    11 |     4 |       |       ||    15
       Vampiric Draining |       |       |       |       |       |       |    63 |    16 |   106 ||   185
       Olgreb's Toxic Ra |       |       |       |       |       |       |    42 |    43 |    56 ||   141
       Ignite Poison     |       |       |       |       |       |       |    26 |    25 |    18 ||    69
       Infestation       |       |       |       |       |       |       |       |    54 |   170 ||   224
       Passage of Golubr |       |       |       |       |       |       |       |     4 |       ||     4
       Portal Projectile |       |       |       |       |       |       |       |     5 |    47 ||    52
       Necromutation     |       |       |       |       |       |       |       |       |   330 ||   330
       Fire Storm        |       |       |       |       |       |       |       |       |   108 ||   108
       Orb of Destructio |       |       |       |       |       |       |       |       |    82 ||    82
       Ignition          |       |       |       |       |       |       |       |       |    28 ||    28
       Starburst         |       |       |       |       |       |       |       |       |    22 ||    22
       Summon Lightning  |       |       |       |       |       |       |       |       |     6 ||     6
       Sublimation of Bl |       |       |       |       |       |       |       |       |     4 ||     4
       Lesser Beckoning  |       |       |       |       |       |       |       |       |     3 ||     3
       Lee's Rapid Decon |       |       |       |       |       |       |       |       |     1 ||     1
Invok: Receive Forbidden |       |       |       |       |     1 |       |       |       |       ||     1
       Receive Corpses   |       |       |       |       |       |     1 |       |       |       ||     1
       Renounce Religion |       |       |       |       |       |       |     1 |       |       ||     1
       Bend Time         |       |       |       |       |       |       |     1 |       |     1 ||     2
       Temporal Distorti |       |       |       |       |       |       |     1 |       |       ||     1
       Slouch            |       |       |       |       |       |       |       |       |    22 ||    22
 Abil: Spit Poison       |    31 |    36 |    70 |   150 |    74 |    45 |   115 |    58 |   103 ||   682
       End Transformatio |       |       |       |       |       |       |       |       |     7 ||     7
Evoke: Wand              |       |       |     9 |     8 |    14 |       |     2 |     2 |    18 ||    53
       Phial of floods   |       |       |       |       |       |     1 |       |       |       ||     1
  Use: Potion            |       |     4 |     2 |     7 |     2 |     8 |     6 |       |    17 ||    46
       Scroll            |       |     7 |     5 |     9 |     7 |     5 |     6 |    15 |    35 ||    89
 Stab: Sleeping          |     2 |     1 |     3 |     3 |    23 |    13 |     2 |     6 |    63 ||   116
       Confused          |       |       |     5 |    56 |    47 |    11 |    11 |    13 |     7 ||   150
       Distracted        |       |       |       |     2 |     2 |     1 |     2 |     9 |    55 ||    71
       Held in net/web   |       |       |       |       |       |       |       |       |     1 ||     1
Armor: Robe              |     2 |    13 |    81 |       |       |       |       |       |       ||    96
       Steam dragon scal |       |       |     1 |    45 |       |       |       |       |       ||    46
       Leather armour    |       |       |       |    26 |       |    27 |   210 |   143 |   147 ||   553
       Acid dragon scale |       |       |       |    63 |   218 |   183 |       |       |       ||   464
       Fire dragon scale |       |       |       |       |       |       |       |       |  2069 ||  2069
Dodge: Dodged            |     7 |    18 |    94 |   150 |   141 |    74 |   119 |    80 |   756 ||  1439
Block: Kite shield       |       |       |       |    60 |   449 |   352 |   444 |   337 |  3067 ||  4709
       Other             |       |       |       |    15 |       |       |       |       |       ||    15
       Reflection        |       |       |       |       |    13 |    43 |    56 |    88 |   104 ||   304
       Rpst.: Lance      |       |       |       |       |     2 |     8 |    16 |    11 |    12 ||    49
       Trishula          |       |       |       |       |       |       |       |     1 |    10 ||    11
